 Dungeon Crawl Stone Soup version 0.29.0-4-gdea44cf6ec (webtiles) character file.

Game seed: 10048635339572825655

207704 qw the Wrestler (level 18, -7/165 (174) HPs)
             Began as a Troll Cinder Acolyte on Sept 2, 2022.
             Was a High Priest of Okawaru.
             Mangled by a hell knight
             ... wielding a +4 broad axe of distortion
              (18 damage)
             ... on level 1 of the Vaults.
             The game lasted 00:20:45 (34304 turns).

qw the Wrestler (Troll Cinder Acolyte)             Turns: 34304, Time: 00:20:45

HP:   -7/165 (174)  AC: 28    Str: 41    XL:     18   Next: 10%
MP:   24/24         EV:  8    Int: 10    God:    Okawaru [*****.]
Gold: 1831          SH: 18    Dex: 11    Spells: 19/19 levels left

rFire   + . .      SeeInvis +     - Unarmed
rCold   + + .      Faith    .   z - +0 kite shield
rNeg    + . .      Spirit   .   c - +4 gold dragon scales
rPois   +          Reflect  +   (helmet restricted)
rElec   .          Harm     .   g - +1 cloak
rCorr   .          Rampage  .   (gloves unavailable)
Will    +++..                   (boots unavailable)
Stlth   ..........              a - amulet of reflection
HPRegen 1.17/turn               u - ring "Jaemotyrph" {rPois rC+ Str+5 SInv Stlth+}
MPRegen 0.19/turn               y - ring of the Fortifying Gods {rN+ Will++ Str+3 Dex+6 Slay-2}

@: heroic, drained
A: large, unfitting armour, claws 3, regeneration 1, shaggy fur 1, tough skin 1
}: 1/15 runes: gossamer
a: Renounce Religion, Heroism, Finesse, Duel


You were on level 1 of the Vaults.
You worshipped Okawaru.
Okawaru was extremely pleased with you.
You visited 6 branches of the dungeon, and saw 30 of its levels.

You collected 3193 gold pieces.
You spent 1362 gold pieces at shops.


Innate Abilities, Weirdness & Mutations

You are too large for most types of armour.
You have claws for hands.
Your natural rate of healing is unusually fast.
You are covered in fur. (AC +1)
You have tough skin. (AC +1)


   Skills:
 - Level 10.0(15.0) Fighting
 - Level 9.0(14.0) Throwing
 - Level 9.0(14.0) Armour
 - Level 4.0(9.0) Dodging
 - Level 13.6(18.6) Shields
 + Level 21.5(26.5) Unarmed Combat
 - Level 1.0 Spellcasting
 - Level 2.1 Fire Magic
 - Level 10.0 Invocations


You had 19 spell levels left.
You didn't know any spells.
Your spell library contained the following spells:

 Spells                   Type           Power      Damage    Failure   Level
 Scorch                   Fire           8%         2d5       94%         2

Inventory:

Missiles
 b - 11 silver javelins
 d - 7 large rocks (quivered)
 l - 2 boomerangs of dispersal
 n - 11 boomerangs
 x - 2 silver boomerangs
 C - 8 javelins
Armour
 c - +4 gold dragon scales (worn)
 g - a +1 cloak (worn)
 v - a +0 cloak of poison resistance
 z - a +0 kite shield (worn)
 B - a +0 kite shield of reflection
 D - the +1 hat "Vakhloid" {Harm}
   (Okawaru gifted it to you on level 2 of the Spider Nest)

   Harm:      It increases damage dealt and taken.
 F - a scarf of resistance
Jewellery
 a - an amulet of reflection (around neck)
 j - a ring of poison resistance
 q - a ring of fire
 s - the ring "Oruti" {Wiz rF+}
   (You bought it in a shop on level 13 of the Dungeon)

   [ring of wizardry]

   It improves your spell success rate.
   rF:        It protects you from fire.
 t - a +4 ring of evasion
 u - the ring "Jaemotyrph" (left claw) {rPois rC+ Str+5 SInv Stlth+}
   (You bought it in a shop on level 13 of the Dungeon)

   [ring of protection from cold]

   Str:       It affects your strength (+5).
   rC:        It protects you from cold.
   rPois:     It protects you from poison.
   SInv:      It lets you see invisible.
   Stlth:     It makes you more stealthy.
 w - the ring of Wiet {*Corrode rPois rC++ rN+ Int+3}
   (You bought it in a shop on level 2 of the Orcish Mines)

   [ring of positive energy]

   Int:       It affects your intelligence (+3).
   rC:        It greatly protects you from cold.
   rPois:     It protects you from poison.
   rN:        It protects you from negative energy.
   *Corrode:  It may corrode you when you take damage.
 y - the ring of the Fortifying Gods (right claw) {rN+ Will++ Str+3 Dex+6 Slay-2}
   (You found it on level 3 of the Swamp)

   [ring of dexterity]

   Str:       It affects your strength (+3).
   Dex:       It affects your dexterity (+6).
   Slay:      It affects your accuracy & damage with ranged weapons and melee
   (-2).
   rN:        It protects you from negative energy.
   Will:      It greatly increases your willpower.
 E - a +4 ring of slaying {mikee}
Scrolls
 f - 15 scrolls of identify
 o - 9 scrolls of enchant weapon
Potions
 h - 4 potions of heal wounds
 i - 8 potions of haste
 k - 8 potions of might
 m - 12 potions of curing
 p - 3 potions of magic
 r - 2 potions of mutation

Dungeon Overview and Level Annotations

Branches:
Dungeon (15/15)            Temple (0/1) D:6            Lair (5/5) D:10
  Swamp (3/4) Lair:2       Spider (4/4) Lair:2        Slime (0/5) Lair:5
    Orc (2/2) D:11            Elf (0/3) Orc:2        Vaults (1/5) D:14
 Depths (0/4) D:15

Altars:
Cheibriados
Fedhas
Hepliaklqana
Kikubaaqudgha
Makhleb
Nemelex Xobeh
Okawaru
Trog
Uskayaw
Wu Jian
Yredelemnul
The Shining One

Shops:
D:5 (   D:13 *   Orc:2 =[([=[

Annotations:
D:8 1 runed translucent door, qw's ghost, novice TeWr
D:9 3 runed translucent doors, qw's ghost, novice TeWr
D:14 1 runed translucent door
Lair:1 3 runed translucent doors, qw's ghost, novice TrCA
Orc:1 1 runed translucent door, qw's ghost, journeyman TrCA


Message History

A hell knight opens the door.
You block the hell knight's attack.
The hell knight hits you with a +5 vorpal demon whip!
You block the hell knight's attack.
The hell knight hits you but does no damage.
34302 ||| DRINKING 7 potions of heal wounds.
You feel much better. You block the hell knight's attack. x3
The hell knight hits you but does no damage.
Space warps around you. You block the hell knight's attack.
The hell knight barely misses you.
The hell knight hits you from afar with a +5 halberd of draining.
You partially resist.
You feel drained.
The hell knight hits you but does no damage.
The hell knight hits you from afar with a +3 vorpal demon trident.
The hell knight barely misses you. You block the hell knight's attack.
The hell knight barely misses you.
34303 ||| DRINKING 6 potions of heal wounds.
You feel much better. You block the hell knight's attack. x3
The hell knight hits you but does no damage.
The hell knight hits you from afar with a +3 vorpal demon trident!
The hell knight hits you with a +3 demon whip of draining.
You partially resist.
You feel drained. You block the hell knight's attack.
The hell knight hits you with a +2 war axe of flaming.
The hell knight closely misses you. x2
34304 ||| DRINKING 5 potions of heal wounds.
You feel much better. The hell knight closely misses you.
You block the hell knight's attack. x3
The hellephant blinks!
The hell knight hits you from afar with a +5 halberd of draining!
You partially resist.
You feel drained.
The hell knight hits you but does no damage.
The hell knight hits you from afar with a +3 vorpal demon trident!
You block the hell knight's attack.
The hell knight hits you with a +1 broad axe of flaming.
The hell knight hits you with a +3 demon whip of draining!!
You partially resist.
You feel drained.
The hell knight hits you with a +4 broad axe of distortion.
Space warps horribly around you!!
You die...

#######################'######
#..............#
#..............# #
#..''''''''''..####
########..'+ ++ '..#...
#......#..'++'++++ '..'...
##### #......'..''+.!??+
'..#### ....#
#......#pppp'...!+ '..# #
....# #......#.@Yp¤.[.!+ '..#
..%.# #.....)#)ppp'.$!.+ '..#
....# #.....)').pp''''++ '..#
....####'######).'''++++++'..#
....##......# #..''''''''''..#
######.####.# #Y.............#
#.#..#.# #..............#
#.##'#.# ################
#.#..#.#


You could see 2 hellephants and 10 hell knights.

Vanquished Creatures
  Mara (Spider:3)
  Mlioglotl (Swamp:2)
  Jorgrun (D:13)
  Donald (Spider:2)
  Roxanne (D:15)
  2 vault wardens (Vaults:1)
  3 ghost moths
  13 emperor scorpions
  2 ironbound thunderhulks (Vaults:1)
  An orc warlord (Orc:2)
  A broodmother (Spider:1)
  6 ironbound preservers (Vaults:1)
  6 eleionomae
  An entropy weaver (Spider:3)
  A dire elephant (Vaults:1)
  A spark wasp (Spider:4)
  3 bunyips
  Snorg (D:13)
  Josephine (Spider:1)
  An ettin (Orc:1)
  4 yaktaur captains (Vaults:1)
  3 shambling mangroves
  6 vault guards
  Harold (D:11)
  2 ice dragons (D:15)
  8 hydras
  Fannar (D:10)
  4 boulder beetles
  A jorogumo (Spider:3)
  2 ironbound frosthearts (Vaults:1)
  A ghost crab (Swamp:2)
  A catoblepas (Lair:1)
  An ogre mage (D:14)
  5 alligators
  7 centaur warriors
  4 two-headed ogres
  An orc high priest (Orc:2)
  4 hell knights (Vaults:1)
  6 death yaks (Lair:4)
  Nergalle (D:11)
  2 sun moths
  5 goliath frogs
  2 pharaoh ants
  A spriggan druid (Swamp:1)
  A steelbarb worm (shapeshifter) (D:14)
  21 deep trolls (Vaults:1)
  9 steelbarb worms
  3 swamp dragons
  13 skeletal warriors
  A bog body (Swamp:1)
  7 orb spiders
  3 wizards
  2 orc knights
  4 ironbound convokers (Vaults:1)
  4 deep elf pyromancers
  5 ugly things
  5 lindwurms (Vaults:1)
  11 wolf spiders
  4 orc sorcerers
  2 will-o-the-wisps
  5 cyclopes
  11 elephants
  2 manticores
  4 vault sentinels (Vaults:1)
  A moth of wrath (Spider:4)
  3 black mambas
  A kobold demonologist (D:9)
  5 torpor snails
  9 cane toads
  2 gargoyles (D:13)
  3 demonic crawlers
  2 efreet
  4 komodo dragons
  A tengu conjurer (D:14)
  2 rime drakes
  8 yaktaurs
  4 freezing wraiths (D:15)
  A bloated husk (Swamp:3)
  3 tyrant leeches (Swamp:3)
  25 tarantellas
  A meliai (shapeshifter) (D:13)
  5 polar bears
  11 hornets
  8 trolls
  3 meliai (Spider:4)
  Grinder (D:4)
  3 slime creatures
  28 blink frogs
  5 dream sheep (Lair:5)
  23 jumping spiders
  Sigmund (D:3)
  18 spriggans
  9 wyverns
  47 yaks
  5 wraiths
  2 shadows (D:10)
  19 culicivoras
  2 vampires
  18 fire elementals
  4 basilisks
  A human (D:14)
  30 redbacks
  10 swamp worms
  20 vampire mosquitoes
  2 acid dragons (D:11)
  4 wargs
  8 water moccasins
  Duvessa (D:4)
  10 ice beasts
  28 orc warriors
  9 black bears
  9 ogres
  3 boggarts
  19 wolves
  8 centaurs
  Blork the orc (D:4)
  4 kobold brigands
  16 bullfrogs
  2 gnoll sergeants
  A necrophage (D:5)
  A scorpion (D:6)
  Dowan (D:4)
  5 wights (D:10)
  9 killer bees (D:9)
  2 electric eels (D:11)
  2 howler monkeys
  6 jellies
  3 hounds
  28 orc priests
  7 iguanas
  30 orc wizards
  20 gnolls
  4 adders
  2 shadow imps
  A white imp (D:7)
  An ufetubus (D:4)
  2 dart slugs
  102 orcs
  3 ball pythons
  9 endoplasms
  5 giant cockroaches
  35 goblins
  31 hobgoblins
  6 jackals
  8 quokkas
  4 bats
  2 frilled lizards
  22 kobolds
  4 rats
  A butterfly (Lair:1)
1067 creatures vanquished.

Vanquished Creatures (others)
  A tarantella (Spider:2)
  58 fungi
  69 plants
128 creatures vanquished.

Grand Total: 1195 creatures vanquished

Notes
Turn   | Place    | Note
-------+----------+-------------------------------------------
     0 | D:1      | qw the Troll Cinder Acolyte began the quest for the Orb.
     0 | D:1      | Reached XP level 1. HP: 22/22 MP: 1/1
     0 | D:1      | 0 ||| qw: Version: 0.1-a-97-g2dd2ca4
     0 | D:1      | 0 ||| qw: Game counter: 4986
     0 | D:1      | 0 ||| qw: Always use a shield: true
     0 | D:1      | 0 ||| qw: God list: Okawaru
     0 | D:1      | 0 ||| qw: Allow faded altars: false
     0 | D:1      | 0 ||| qw: Do Orc after D:15 true
     0 | D:1      | 0 ||| qw: Do second Lair branch before Depths: true
     0 | D:1      | 0 ||| qw: Lair rune preference: random
     0 | D:1      | 0 ||| qw: Plans: Normal
     0 | D:1      | 0 ||| PLANNING D:1-11
   173 | D:1      | Found a faded altar of an unknown god.
   306 | D:1      | Reached XP level 2. HP: 29/29 MP: 2/2
   308 | D:1      | 308 ||| Stepping ~*~*~tactically~*~*~ (stealth).
   469 | D:1      | Reached skill level 4 in Unarmed Combat
   883 | D:1      | 883 ||| UPGRADING to +0 cloak.
   888 | D:1      | 888 ||| READING scroll labelled WEIV MIUFFON.
   922 | D:2      | 922 ||| FLEEEEING.
   923 | D:2      | 923 ||| FLEEEEING.
   924 | D:2      | 924 ||| FLEEEEING.
   925 | D:2      | 925 ||| FLEEEEING.
   926 | D:2      | 926 ||| Stepping ~*~*~tactically~*~*~ (hiding).
  1154 | D:2      | Reached XP level 3. HP: 36/36 MP: 3/3
  1264 | D:2      | 1264 ||| Stepping ~*~*~tactically~*~*~ (hiding).
  1416 | D:2      | 1416 ||| Stepping ~*~*~tactically~*~*~ (stealth).
  1419 | D:2      | 1419 ||| Stepping ~*~*~tactically~*~*~ (stealth).
  1421 | D:2      | 1421 ||| Stepping ~*~*~tactically~*~*~ (stealth).
  1455 | D:2      | 1455 ||| Stepping ~*~*~tactically~*~*~ (stealth).
  1911 | D:2      | 1911 ||| READING scroll labelled SECYIM BUMO.
  1912 | D:2      | 1912 ||| DRINKING 2 emerald potions.
  1936 | D:3      | Reached skill level 5 in Unarmed Combat
  1936 | D:3      | Reached XP level 4. HP: 44/44 MP: 4/4
  2047 | D:3      | Noticed Sigmund
  2048 | D:3      | 2048 ||| Stepping ~*~*~tactically~*~*~ (hiding).
  2055 | D:3      | 2055 ||| DRINKING potion of curing.
  2055 | D:3      | 2055 ||| (to cure confusion)
  2074 | D:3      | Killed Sigmund
  2075 | D:3      | Reached skill level 6 in Unarmed Combat
  2075 | D:3      | Reached XP level 5. HP: 23/50 MP: 5/5
  2087 | D:3      | 2087 ||| FLEEEEING.
  2088 | D:3      | 2088 ||| FLEEEEING.
  2089 | D:3      | 2089 ||| FLEEEEING.
  2090 | D:3      | 2090 ||| FLEEEEING.
  2091 | D:3      | 2091 ||| FLEEEEING.
  2092 | D:3      | 2092 ||| FLEEEEING.
  2093 | D:3      | 2093 ||| FLEEEEING.
  2094 | D:3      | 2094 ||| FLEEEEING.
  2095 | D:3      | 2095 ||| FLEEEEING.
  2096 | D:3      | 2096 ||| FLEEEEING.
  2097 | D:3      | 2097 ||| FLEEEEING.
  2098 | D:3      | 2098 ||| FLEEEEING.
  2340 | D:3      | 2340 ||| Stepping ~*~*~tactically~*~*~ (stealth).
  2341 | D:3      | 2341 ||| Stepping ~*~*~tactically~*~*~ (stealth).
  2480 | D:3      | 2480 ||| UPGRADING to amulet of the acrobat.
  2485 | D:3      | 2485 ||| READING scroll labelled QOSESTA PAUTWULIS.
  2486 | D:3      | 2486 ||| READING scroll labelled YMEPHI HAFIETH.
  2487 | D:3      | 2487 ||| READING scroll labelled NOTZOMAUFF.
  2508 | D:4      | Noticed Duvessa
  2508 | D:4      | Noticed Dowan
  2509 | D:4      | 2509 ||| INVOKING Fiery Armour.
  2515 | D:4      | Killed Duvessa
  2516 | D:4      | Reached skill level 7 in Unarmed Combat
  2516 | D:4      | Reached XP level 6. HP: 59/59 MP: 6/6
  2518 | D:4      | Killed Dowan
  2553 | D:4      | 2553 ||| Stepping ~*~*~tactically~*~*~ (outnumbered).
  2565 | D:4      | Reached skill level 8 in Unarmed Combat
  2565 | D:4      | Reached XP level 7. HP: 47/66 MP: 7/7
  2603 | D:4      | 2603 ||| Stepping ~*~*~tactically~*~*~ (hiding).
  2604 | D:4      | 2604 ||| Stepping ~*~*~tactically~*~*~ (hiding).
  2606 | D:4      | 2606 ||| Stepping ~*~*~tactically~*~*~ (hiding).
  2607 | D:4      | 2607 ||| Stepping ~*~*~tactically~*~*~ (hiding).
  2611 | D:4      | Reached skill level 3 in Fighting
  2681 | D:4      | Found a hazy altar of Hepliaklqana.
  2681 | D:4      | Found a hide-covered altar of Uskayaw.
  2849 | D:4      | Found a basalt altar of Yredelemnul.
  2922 | D:4      | 2922 ||| Stepping ~*~*~tactically~*~*~ (hiding).
  3123 | D:4      | 3123 ||| Stepping ~*~*~tactically~*~*~ (outnumbered).
  3124 | D:4      | 3124 ||| Stepping ~*~*~tactically~*~*~ (hiding).
  3129 | D:4      | 3129 ||| Stepping ~*~*~tactically~*~*~ (outnumbered).
  3130 | D:4      | 3130 ||| Stepping ~*~*~tactically~*~*~ (outnumbered).
  3131 | D:4      | 3131 ||| Stepping ~*~*~tactically~*~*~ (outnumbered).
  3133 | D:4      | 3133 ||| Stepping ~*~*~tactically~*~*~ (outnumbered).
  3134 | D:4      | 3134 ||| Stepping ~*~*~tactically~*~*~ (outnumbered).
  3135 | D:4      | 3135 ||| Stepping ~*~*~tactically~*~*~ (outnumbered).
  3138 | D:4      | 3138 ||| Stepping ~*~*~tactically~*~*~ (outnumbered).
  3140 | D:4      | 3140 ||| Stepping ~*~*~tactically~*~*~ (outnumbered).
  3141 | D:4      | 3141 ||| Stepping ~*~*~tactically~*~*~ (outnumbered).
  3163 | D:4      | 3163 ||| Stepping ~*~*~tactically~*~*~ (hiding).
  3268 | D:4      | 3268 ||| Stepping ~*~*~tactically~*~*~ (stealth).
  3275 | D:4      | 3275 ||| Stepping ~*~*~tactically~*~*~ (stealth).
  3277 | D:4      | 3277 ||| Stepping ~*~*~tactically~*~*~ (stealth).
  3280 | D:4      | 3280 ||| Stepping ~*~*~tactically~*~*~ (stealth).
  3282 | D:4      | 3282 ||| Stepping ~*~*~tactically~*~*~ (hiding).
  3283 | D:4      | 3283 ||| Stepping ~*~*~tactically~*~*~ (hiding).
  3284 | D:4      | 3284 ||| Stepping ~*~*~tactically~*~*~ (hiding).
  3295 | D:4      | 3295 ||| Stepping ~*~*~tactically~*~*~ (hiding).
  3419 | D:4      | 3419 ||| Stepping ~*~*~tactically~*~*~ (hiding).
  3444 | D:4      | 3444 ||| Stepping ~*~*~tactically~*~*~ (outnumbered).
  3458 | D:4      | Noticed Blork the orc
  3460 | D:4      | 3460 ||| INVOKING Fiery Armour.
  3462 | D:4      | Reached skill level 9 in Unarmed Combat
  3469 | D:4      | Killed Blork the orc
  3470 | D:4      | Reached skill level 1 in Dodging
  3510 | D:4      | 3510 ||| Stepping ~*~*~tactically~*~*~ (outnumbered).
  3629 | D:4      | 3629 ||| Stepping ~*~*~tactically~*~*~ (stealth).
  3646 | D:4      | 3646 ||| Stepping ~*~*~tactically~*~*~ (stealth).
  3647 | D:4      | Noticed Grinder
  3648 | D:4      | 3648 ||| Stepping ~*~*~tactically~*~*~ (hiding).
  3651 | D:4      | 3651 ||| Stepping ~*~*~tactically~*~*~ (hiding).
  3655 | D:4      | 3655 ||| Stepping ~*~*~tactically~*~*~ (hiding).
  3659 | D:4      | 3659 ||| Stepping ~*~*~tactically~*~*~ (outnumbered).
  3663 | D:4      | Paralysed by Grinder for 2 turns
  3669 | D:4      | Killed Grinder
  3670 | D:4      | Reached XP level 8. HP: 43/75 MP: 8/8
  3671 | D:4      | 3671 ||| INVOKING Fiery Armour.
  3677 | D:4      | 3677 ||| FLEEEEING.
  3678 | D:4      | 3678 ||| Stepping ~*~*~tactically~*~*~ (stealth).
  3680 | D:4      | 3680 ||| FLEEEEING.
  3681 | D:4      | 3681 ||| FLEEEEING.
  3682 | D:4      | 3682 ||| FLEEEEING.
  3683 | D:4      | 3683 ||| FLEEEEING.
  3684 | D:4      | 3684 ||| FLEEEEING.
  3685 | D:4      | 3685 ||| FLEEEEING.
  3686 | D:4      | 3686 ||| FLEEEEING.
  3687 | D:4      | 3687 ||| FLEEEEING.
  3688 | D:4      | 3688 ||| FLEEEEING.
  3689 | D:4      | 3689 ||| FLEEEEING.
  3690 | D:4      | 3690 ||| FLEEEEING.
  3691 | D:4      | 3691 ||| FLEEEEING.
  3692 | D:4      | 3692 ||| FLEEEEING.
  3693 | D:4      | 3693 ||| FLEEEEING.
  3694 | D:4      | 3694 ||| FLEEEEING.
  3695 | D:4      | 3695 ||| FLEEEEING.
  3696 | D:4      | 3696 ||| FLEEEEING.
  3697 | D:4      | 3697 ||| FLEEEEING.
  3698 | D:4      | 3698 ||| FLEEEEING.
  3734 | D:4      | 3734 ||| Stepping ~*~*~tactically~*~*~ (stealth).
  3735 | D:4      | 3735 ||| Stepping ~*~*~tactically~*~*~ (stealth).
  3736 | D:4      | 3736 ||| Stepping ~*~*~tactically~*~*~ (stealth).
  3750 | D:4      | 3750 ||| Stepping ~*~*~tactically~*~*~ (outnumbered).
  3751 | D:4      | 3751 ||| Stepping ~*~*~tactically~*~*~ (outnumbered).
  3752 | D:4      | 3752 ||| Stepping ~*~*~tactically~*~*~ (outnumbered).
  3923 | D:4      | 3923 ||| READING scroll labelled ALLUNI XOULA.
  3924 | D:4      | 3924 ||| DRINKING 2 fuming inky potions.
  3925 | D:4      | 3925 ||| DRINKING 2 bubbling coppery potions.
  3926 | D:4      | 3926 ||| DRINKING 2 sedimented amethyst potions.
  3927 | D:4      | 3927 ||| DROPPING potion of flight.
  3928 | D:4      | 3928 ||| DROPPING potion of magic.
  3935 | D:5      | Entered Level 5 of the Dungeon
  3984 | D:5      | 3984 ||| Stepping ~*~*~tactically~*~*~ (stealth).
  3985 | D:5      | 3985 ||| Stepping ~*~*~tactically~*~*~ (stealth).
  3993 | D:5      | Reached skill level 10 in Unarmed Combat
  4023 | D:5      | 4023 ||| Stepping ~*~*~tactically~*~*~ (outnumbered).
  4024 | D:5      | 4024 ||| Stepping ~*~*~tactically~*~*~ (outnumbered).
  4025 | D:5      | 4025 ||| Stepping ~*~*~tactically~*~*~ (outnumbered).
  4026 | D:5      | 4026 ||| Stepping ~*~*~tactically~*~*~ (outnumbered).
  4028 | D:5      | 4028 ||| Stepping ~*~*~tactically~*~*~ (outnumbered).
  4029 | D:5      | 4029 ||| Stepping ~*~*~tactically~*~*~ (outnumbered).
  4082 | D:5      | Found Seuhol's Weapon Boutique.
  4100 | D:5      | 4100 ||| Stepping ~*~*~tactically~*~*~ (stealth).
  4101 | D:5      | 4101 ||| Stepping ~*~*~tactically~*~*~ (stealth).
  4125 | D:5      | Found a burning altar of Makhleb.
  4562 | D:5      | 4562 ||| UPGRADING to +6 ring of dexterity.
  4563 | D:5      | 4563 ||| READING 2 scrolls labelled REICADGH OSUCZU.
  4564 | D:5      | 4564 ||| READING scroll labelled TAUQIOGRESU.
  4565 | D:5      | 4565 ||| READING scroll labelled PIEKITA BOFOU.
  4566 | D:5      | 4566 ||| DROPPING scroll of vulnerability.
  4567 | D:5      | 4567 ||| READING 2 scrolls of teleportation.
  4825 | D:6      | 4825 ||| Stepping ~*~*~tactically~*~*~ (stealth).
  5057 | D:6      | Found a staircase to the Ecumenical Temple.
  5166 | D:6      | You fall into a shaft and drop 1 floor!
  5196 | D:7      | 5196 ||| Stepping ~*~*~tactically~*~*~ (stealth).
  5197 | D:7      | 5197 ||| Stepping ~*~*~tactically~*~*~ (stealth).
  5198 | D:7      | 5198 ||| Stepping ~*~*~tactically~*~*~ (hiding).
  5202 | D:7      | 5202 ||| INVOKING Fiery Armour.
  5206 | D:7      | 5206 ||| Stepping ~*~*~tactically~*~*~ (outnumbered).
  5211 | D:7      | 5211 ||| Stepping ~*~*~tactically~*~*~ (outnumbered).
  5216 | D:7      | Reached skill level 11 in Unarmed Combat
  5216 | D:7      | Reached XP level 9. HP: 49/84 MP: 9/9
  5217 | D:7      | 5217 ||| Stepping ~*~*~tactically~*~*~ (outnumbered).
  5218 | D:7      | 5218 ||| Stepping ~*~*~tactically~*~*~ (outnumbered).
  5219 | D:7      | 5219 ||| Stepping ~*~*~tactically~*~*~ (outnumbered).
  5220 | D:7      | 5220 ||| Stepping ~*~*~tactically~*~*~ (outnumbered).
  5222 | D:7      | HP: 17/84 [orc warrior/+0 trident (12)]
  5223 | D:7      | 5223 ||| READING scroll of teleportation.
  5308 | D:7      | 5308 ||| Stepping ~*~*~tactically~*~*~ (hiding).
  5320 | D:7      | Reached skill level 1 in Throwing
  5334 | D:7      | 5334 ||| Stepping ~*~*~tactically~*~*~ (stealth).
  5354 | D:7      | 5354 ||| Stepping ~*~*~tactically~*~*~ (stealth).
  5356 | D:7      | 5356 ||| Stepping ~*~*~tactically~*~*~ (stealth).
  5370 | D:7      | 5370 ||| Stepping ~*~*~tactically~*~*~ (outnumbered).
  5391 | D:7      | Found a snail-covered altar of Cheibriados.
  5402 | D:7      | 5402 ||| READING 2 scrolls of identify.
  5402 | D:7      | 5402 ||| IDENTIFYING fuming puce potion
  5403 | D:7      | 5403 ||| DROPPING potion of degeneration.
  5425 | D:6      | Found an iron altar of Okawaru.
  5426 | D:6      | Found a bloodstained altar of Trog.
  5469 | D:6      | 5469 ||| Stepping ~*~*~tactically~*~*~ (stealth).
  5539 | D:6      | 5539 ||| Stepping ~*~*~tactically~*~*~ (stealth).
  5541 | D:6      | 5541 ||| Stepping ~*~*~tactically~*~*~ (stealth).
  5543 | D:6      | 5543 ||| Stepping ~*~*~tactically~*~*~ (stealth).
  5546 | D:6      | 5546 ||| Stepping ~*~*~tactically~*~*~ (stealth).
  5559 | D:6      | 5559 ||| Stepping ~*~*~tactically~*~*~ (stealth).
  5576 | D:6      | 5576 ||| Stepping ~*~*~tactically~*~*~ (stealth).
  5691 | D:7      | Reached skill level 12 in Unarmed Combat
  5934 | D:7      | 5934 ||| Stepping ~*~*~tactically~*~*~ (stealth).
  5939 | D:7      | 5939 ||| Stepping ~*~*~tactically~*~*~ (hiding).
  5980 | D:7      | 5980 ||| Stepping ~*~*~tactically~*~*~ (stealth).
  5985 | D:7      | 5985 ||| Stepping ~*~*~tactically~*~*~ (stealth).
  6030 | D:7      | 6030 ||| Stepping ~*~*~tactically~*~*~ (stealth).
  6161 | D:7      | 6161 ||| Stepping ~*~*~tactically~*~*~ (stealth).
  6165 | D:7      | 6165 ||| Stepping ~*~*~tactically~*~*~ (stealth).
  6168 | D:7      | 6168 ||| Stepping ~*~*~tactically~*~*~ (stealth).
  6194 | D:7      | 6194 ||| Stepping ~*~*~tactically~*~*~ (hiding).
  6223 | D:7      | 6223 ||| Stepping ~*~*~tactically~*~*~ (stealth).
  6225 | D:7      | 6225 ||| Stepping ~*~*~tactically~*~*~ (stealth).
  6227 | D:7      | 6227 ||| Stepping ~*~*~tactically~*~*~ (stealth).
  6235 | D:7      | 6235 ||| FLEEEEING.
  6236 | D:7      | 6236 ||| FLEEEEING.
  6244 | D:7      | 6244 ||| FLEEEEING.
  6245 | D:7      | 6245 ||| FLEEEEING.
  6246 | D:7      | 6246 ||| FLEEEEING.
  6247 | D:7      | 6247 ||| FLEEEEING.
  6248 | D:7      | 6248 ||| FLEEEEING.
  6249 | D:7      | 6249 ||| FLEEEEING.
  6250 | D:7      | 6250 ||| FLEEEEING.
  6252 | D:7      | 6252 ||| Stepping ~*~*~tactically~*~*~ (stealth).
  6254 | D:7      | 6254 ||| Stepping ~*~*~tactically~*~*~ (stealth).
  6255 | D:7      | 6255 ||| FLEEEEING.
  6256 | D:7      | 6256 ||| Stepping ~*~*~tactically~*~*~ (stealth).
  6257 | D:7      | 6257 ||| FLEEEEING.
  6258 | D:7      | 6258 ||| FLEEEEING.
  6259 | D:7      | 6259 ||| FLEEEEING.
  6260 | D:7      | 6260 ||| FLEEEEING.
  6261 | D:7      | 6261 ||| FLEEEEING.
  6262 | D:7      | 6262 ||| FLEEEEING.
  6295 | D:7      | 6295 ||| Stepping ~*~*~tactically~*~*~ (hiding).
  6425 | D:7      | 6425 ||| Stepping ~*~*~tactically~*~*~ (stealth).
  6609 | D:7      | 6609 ||| UPGRADING to ring of protection from cold.
  6610 | D:7      | 6610 ||| READING 2 scrolls labelled PATOBU CAZXAS.
  6611 | D:7      | 6611 ||| READING 2 scrolls of identify.
  6611 | D:7      | 6611 ||| IDENTIFYING bubbling brown potion
  6612 | D:7      | 6612 ||| DROPPING potion of berserk rage.
  6613 | D:7      | 6613 ||| DROPPING scroll of blinking.
  6787 | D:8      | Found a sparkling altar of Nemelex Xobeh.
  6793 | D:8      | 6793 ||| Stepping randomly (stuck).
  6794 | D:8      | 6794 ||| Stepping randomly (stuck).
  6839 | D:8      | 6839 ||| Stepping ~*~*~tactically~*~*~ (hiding).
  7045 | D:8      | Identified the +2 leather armour of the Mackerel {rElec
                  | Will+}
  7092 | D:8      | 7092 ||| Stepping ~*~*~tactically~*~*~ (stealth).
  7098 | D:8      | 7098 ||| Stepping ~*~*~tactically~*~*~ (stealth).
  7100 | D:8      | 7100 ||| Stepping ~*~*~tactically~*~*~ (stealth).
  7322 | D:8      | 7322 ||| Stepping ~*~*~tactically~*~*~ (hiding).
  7331 | D:8      | 7331 ||| Stepping ~*~*~tactically~*~*~ (hiding).
  7339 | D:8      | 7339 ||| Stepping ~*~*~tactically~*~*~ (stealth).
  7340 | D:8      | 7340 ||| Stepping ~*~*~tactically~*~*~ (stealth).
  7356 | D:8      | Noticed qw's ghost (novice TeWr)
  7359 | D:8      | Found a runed translucent door.
  7475 | D:8      | 7475 ||| Stepping ~*~*~tactically~*~*~ (stealth).
  7480 | D:8      | Reached XP level 10. HP: 96/96 MP: 10/10
  7724 | D:8      | 7724 ||| UPGRADING to +0 gold dragon scales.
  7734 | D:8      | 7734 ||| DROPPING +0 robe.
  7735 | D:8      | 7735 ||| DRINKING 2 silvery potions.
  7900 | D:9      | Found a blossoming altar of Fedhas.
  7933 | D:9      | 7933 ||| Stepping ~*~*~tactically~*~*~ (stealth).
  7934 | D:9      | 7934 ||| Stepping ~*~*~tactically~*~*~ (stealth).
  7943 | D:9      | Reached skill level 1 in Armour
  8102 | D:9      | Found a runed translucent gate.
  8102 | D:9      | Found a runed translucent gate.
  8102 | D:9      | Found a runed translucent gate.
  8105 | D:9      | Noticed a spectral centaur warrior
  8124 | D:9      | Reached skill level 3 in Armour
  8169 | D:9      | Noticed qw's ghost (novice TeWr)
  8169 | D:9      | Noticed a spectral centaur warrior
  8267 | D:9      | 8267 ||| INVOKING Fiery Armour.
  8270 | D:9      | 8270 ||| Stepping ~*~*~tactically~*~*~ (outnumbered).
  8271 | D:9      | 8271 ||| Stepping ~*~*~tactically~*~*~ (outnumbered).
  8273 | D:9      | 8273 ||| Stepping ~*~*~tactically~*~*~ (outnumbered).
  8274 | D:9      | 8274 ||| Stepping ~*~*~tactically~*~*~ (outnumbered).
  8277 | D:9      | Noticed an orange demon
  8470 | D:9      | 8470 ||| INVOKING Fiery Armour.
  8473 | D:9      | 8473 ||| Stepping ~*~*~tactically~*~*~ (outnumbered).
  8617 | D:9      | Found an ancient bone altar of Kikubaaqudgha.
  8673 | D:9      | 8673 ||| READING scroll labelled YKUUWK NUAJU.
  8774 | D:9      | 8774 ||| DRINKING 2 yellow potions.
  8775 | D:9      | 8775 ||| DRINKING 3 ruby potions.
  8776 | D:9      | 8776 ||| DRINKING 3 glowing puce potions.
  8777 | D:9      | 8777 ||| DROPPING 2 potions of brilliance.
  8799 | D:10     | Entered Level 10 of the Dungeon
  8812 | D:10     | 8812 ||| INVOKING Fiery Armour.
  8817 | D:10     | 8817 ||| Stepping ~*~*~tactically~*~*~ (outnumbered).
  8818 | D:10     | 8818 ||| Stepping ~*~*~tactically~*~*~ (outnumbered).
  8822 | D:10     | 8822 ||| Stepping ~*~*~tactically~*~*~ (outnumbered).
  8825 | D:10     | 8825 ||| Stepping ~*~*~tactically~*~*~ (outnumbered).
  8919 | D:10     | Noticed a two-headed ogre
  8925 | D:10     | Killed a two-headed ogre
  8926 | D:10     | Reached skill level 13 in Unarmed Combat
  8929 | D:10     | Found a glowing golden altar of the Shining One.
  9249 | D:10     | 9249 ||| FLEEEEING.
  9341 | D:10     | Found a staircase to the Lair.
  9342 | D:10     | 9342 ||| Stepping ~*~*~tactically~*~*~ (stealth).
  9348 | D:10     | Reached skill level 14 in Unarmed Combat
  9350 | D:10     | 9350 ||| Stepping ~*~*~tactically~*~*~ (outnumbered).
  9353 | D:10     | 9353 ||| Stepping ~*~*~tactically~*~*~ (outnumbered).
  9358 | D:10     | 9358 ||| INVOKING Fiery Armour.
  9444 | D:10     | 9444 ||| Stepping ~*~*~tactically~*~*~ (stealth).
  9446 | D:10     | 9446 ||| Stepping ~*~*~tactically~*~*~ (hiding).
  9495 | D:10     | Reached XP level 11. HP: 105/105 MP: 11/11
  9501 | D:10     | Reached skill level 6 in Fighting
  9659 | D:10     | 9659 ||| PLANNING LAIR
  9659 | D:10     | 9659 ||| READING scroll labelled VERPHA HEYCUPI.
  9678 | Lair:1   | Entered Level 1 of the Lair of Beasts
  9695 | Lair:1   | 9695 ||| Stepping ~*~*~tactically~*~*~ (outnumbered).
  9774 | Lair:1   | 9774 ||| Stepping ~*~*~tactically~*~*~ (stealth).
  9776 | Lair:1   | 9776 ||| Stepping ~*~*~tactically~*~*~ (stealth).
  9789 | Lair:1   | 9789 ||| Stepping ~*~*~tactically~*~*~ (outnumbered).
  9790 | Lair:1   | 9790 ||| Stepping ~*~*~tactically~*~*~ (outnumbered).
  9791 | Lair:1   | 9791 ||| Stepping ~*~*~tactically~*~*~ (outnumbered).
  9792 | Lair:1   | 9792 ||| Stepping ~*~*~tactically~*~*~ (outnumbered).
  9798 | Lair:1   | Reached skill level 6 in Armour
  9802 | Lair:1   | Reached skill level 3 in Throwing
 10041 | Lair:1   | Noticed a four-headed hydra
 10042 | Lair:1   | 10042 ||| INVOKING Fiery Armour.
 10047 | Lair:1   | Killed a six-headed hydra
 10071 | Lair:1   | Noticed a catoblepas
 10072 | Lair:1   | 10072 ||| Stepping ~*~*~tactically~*~*~ (cloud).
 10083 | Lair:1   | 10083 ||| Stepping ~*~*~tactically~*~*~ (outnumbered).
 10084 | Lair:1   | 10084 ||| Stepping ~*~*~tactically~*~*~ (cloud).
 10085 | Lair:1   | 10085 ||| Stepping ~*~*~tactically~*~*~ (cloud).
 10090 | Lair:1   | 10090 ||| Stepping ~*~*~tactically~*~*~ (cloud).
 10092 | Lair:1   | Killed a catoblepas
 10093 | Lair:1   | Reached skill level 15 in Unarmed Combat
 10128 | Lair:1   | Found a runed translucent gate.
 10129 | Lair:1   | Found a runed translucent gate.
 10133 | Lair:1   | Found a runed translucent gate.
 10138 | Lair:1   | 10138 ||| Stepping ~*~*~tactically~*~*~ (stealth).
 10222 | Lair:1   | Noticed qw's ghost (novice TrCA)
 10289 | Lair:1   | Noticed a boulder beetle
 10290 | Lair:1   | 10290 ||| INVOKING Fiery Armour.
 10302 | Lair:1   | Killed a boulder beetle
 10414 | Lair:1   | 10414 ||| Stepping ~*~*~tactically~*~*~ (outnumbered).
 10415 | Lair:1   | 10415 ||| Stepping ~*~*~tactically~*~*~ (outnumbered).
 10416 | Lair:1   | 10416 ||| Stepping ~*~*~tactically~*~*~ (outnumbered).
 10417 | Lair:1   | 10417 ||| Stepping ~*~*~tactically~*~*~ (outnumbered).
 10419 | Lair:1   | 10419 ||| Stepping ~*~*~tactically~*~*~ (outnumbered).
 10428 | Lair:1   | 10428 ||| Stepping ~*~*~tactically~*~*~ (outnumbered).
 10431 | Lair:1   | 10431 ||| Stepping ~*~*~tactically~*~*~ (outnumbered).
 10434 | Lair:1   | Reached skill level 16 in Unarmed Combat
 10589 | Lair:1   | 10589 ||| UPGRADING to amulet of reflection.
 10599 | Lair:1   | 10599 ||| DROPPING amulet of the acrobat.
 10600 | Lair:1   | 10600 ||| DRINKING 2 puce potions.
 10701 | Lair:1   | 10701 ||| DROPPING potion of ambrosia.
 10730 | Lair:2   | 10730 ||| STAIRDANCE
 10807 | Lair:2   | 10807 ||| STAIRDANCE
 10860 | Lair:2   | Noticed a seven-headed hydra
 10861 | Lair:2   | 10861 ||| STAIRDANCE
 10863 | Lair:1   | 10863 ||| Stepping ~*~*~tactically~*~*~ (outnumbered).
 10864 | Lair:1   | 10864 ||| Stepping ~*~*~tactically~*~*~ (outnumbered).
 10930 | Lair:2   | 10930 ||| INVOKING Fiery Armour.
 10932 | Lair:2   | Killed an eight-headed hydra
 10933 | Lair:2   | Reached XP level 12. HP: 60/118 MP: 12/12
 10939 | Lair:2   | 10939 ||| STAIRDANCE
 11099 | Lair:2   | 11099 ||| Stepping ~*~*~tactically~*~*~ (stealth).
 11101 | Lair:2   | 11101 ||| Stepping ~*~*~tactically~*~*~ (stealth).
 11102 | Lair:2   | 11102 ||| Stepping ~*~*~tactically~*~*~ (stealth).
 11135 | Lair:2   | Found a staircase to the Swamp.
 11304 | Lair:2   | 11304 ||| Stepping ~*~*~tactically~*~*~ (stealth).
 11331 | Lair:2   | 11331 ||| Stepping ~*~*~tactically~*~*~ (stealth).
 11333 | Lair:2   | 11333 ||| INVOKING Fiery Armour.
 11453 | Lair:2   | 11453 ||| FLEEEEING.
 11454 | Lair:2   | 11454 ||| FLEEEEING.
 11502 | Lair:2   | Found a hole to the Spider Nest.
 11937 | Lair:2   | 11937 ||| READING scroll labelled GAMNIU XAKLIH.
 11938 | Lair:2   | 11938 ||| READING 3 scrolls of identify.
 11938 | Lair:2   | 11938 ||| IDENTIFYING viscous inky potion
 11939 | Lair:2   | 11939 ||| DROPPING potion of attraction.
 11964 | Lair:3   | 11964 ||| Stepping ~*~*~tactically~*~*~ (stealth).
 11976 | Lair:3   | 11976 ||| Stepping ~*~*~tactically~*~*~ (outnumbered).
 11977 | Lair:3   | 11977 ||| Stepping ~*~*~tactically~*~*~ (outnumbered).
 11978 | Lair:3   | 11978 ||| Stepping ~*~*~tactically~*~*~ (outnumbered).
 11979 | Lair:3   | 11979 ||| Stepping ~*~*~tactically~*~*~ (outnumbered).
 11980 | Lair:3   | 11980 ||| Stepping ~*~*~tactically~*~*~ (outnumbered).
 11981 | Lair:3   | 11981 ||| Stepping ~*~*~tactically~*~*~ (outnumbered).
 11982 | Lair:3   | 11982 ||| Stepping ~*~*~tactically~*~*~ (outnumbered).
 11986 | Lair:3   | 11986 ||| Stepping ~*~*~tactically~*~*~ (outnumbered).
 11987 | Lair:3   | 11987 ||| Stepping ~*~*~tactically~*~*~ (outnumbered).
 12005 | Lair:3   | Reached skill level 17 in Unarmed Combat
 12058 | Lair:3   | 12058 ||| Stepping ~*~*~tactically~*~*~ (outnumbered).
 12059 | Lair:3   | 12059 ||| Stepping ~*~*~tactically~*~*~ (outnumbered).
 12060 | Lair:3   | 12060 ||| Stepping ~*~*~tactically~*~*~ (outnumbered).
 12061 | Lair:3   | 12061 ||| Stepping ~*~*~tactically~*~*~ (outnumbered).
 12062 | Lair:3   | 12062 ||| Stepping ~*~*~tactically~*~*~ (outnumbered).
 12068 | Lair:3   | 12068 ||| Stepping ~*~*~tactically~*~*~ (outnumbered).
 12069 | Lair:3   | 12069 ||| Stepping ~*~*~tactically~*~*~ (outnumbered).
 12070 | Lair:3   | 12070 ||| Stepping ~*~*~tactically~*~*~ (outnumbered).
 12071 | Lair:3   | 12071 ||| Stepping ~*~*~tactically~*~*~ (outnumbered).
 12098 | Lair:3   | 12098 ||| Stepping ~*~*~tactically~*~*~ (stealth).
 12177 | Lair:3   | Noticed a seven-headed hydra
 12178 | Lair:3   | 12178 ||| INVOKING Fiery Armour.
 12183 | Lair:3   | Killed a nine-headed hydra
 12243 | Lair:3   | 12243 ||| Stepping ~*~*~tactically~*~*~ (stealth).
 12251 | Lair:3   | 12251 ||| Stepping ~*~*~tactically~*~*~ (stealth).
 12252 | Lair:3   | 12252 ||| FLEEEEING.
 12254 | Lair:3   | 12254 ||| Stepping ~*~*~tactically~*~*~ (stealth).
 12287 | Lair:3   | 12287 ||| PLANNING CONVERSION TO OKAWARU
 12425 | D:6      | Fell from the grace of Ignis
 12425 | D:6      | Became a worshipper of Warmaster Okawaru
 12426 | D:6      | 12426 ||| PLANNING LAIR
 12536 | Lair:3   | 12536 ||| STAIRDANCE
 12552 | Lair:3   | 12552 ||| STAIRDANCE
 12555 | Lair:2   | 12555 ||| FLEEEEING.
 12573 | Lair:3   | 12573 ||| STAIRDANCE
 12585 | Lair:3   | 12585 ||| STAIRDANCE
 12595 | Lair:3   | 12595 ||| STAIRDANCE
 12632 | Lair:3   | 12632 ||| Stepping ~*~*~tactically~*~*~ (outnumbered).
 12634 | Lair:3   | 12634 ||| Stepping ~*~*~tactically~*~*~ (outnumbered).
 12635 | Lair:3   | 12635 ||| Stepping ~*~*~tactically~*~*~ (outnumbered).
 12636 | Lair:3   | 12636 ||| Stepping ~*~*~tactically~*~*~ (outnumbered).
 12746 | Lair:3   | Reached skill level 18 in Unarmed Combat
 12868 | Lair:3   | You fall into a shaft and drop 1 floor!
 12869 | Lair:4   | Identified the +0 leather armour "Qiorphego" {rElec rN+
                  | Dex+2}
 12890 | Lair:4   | You fall into a shaft and drop 1 floor!
 12890 | Lair:5   | Entered Level 5 of the Lair of Beasts
 12896 | Lair:5   | Reached * piety under Okawaru
 12897 | Lair:5   | 12897 ||| INVOKING Heroism.
 12903 | Lair:5   | 12903 ||| Stepping ~*~*~tactically~*~*~ (outnumbered).
 12904 | Lair:5   | 12904 ||| Stepping ~*~*~tactically~*~*~ (outnumbered).
 12905 | Lair:5   | 12905 ||| Stepping ~*~*~tactically~*~*~ (outnumbered).
 12908 | Lair:5   | Reached skill level 1 in Invocations
 12911 | Lair:5   | 12911 ||| INVOKING Heroism.
 12918 | Lair:5   | Reached XP level 13. HP: 89/124 MP: 9/13
 12982 | Lair:5   | 12982 ||| INVOKING Heroism.
 13027 | Lair:5   | Reached ** piety under Okawaru
 13030 | Lair:5   | 13030 ||| Stepping ~*~*~tactically~*~*~ (stealth).
 13061 | Lair:5   | 13061 ||| Stepping ~*~*~tactically~*~*~ (stealth).
 13063 | Lair:5   | 13063 ||| Stepping ~*~*~tactically~*~*~ (stealth).
 13073 | Lair:5   | Reached skill level 3 in Invocations
 13079 | Lair:5   | 13079 ||| INVOKING Heroism.
 13118 | Lair:5   | 13118 ||| INVOKING Heroism.
 13126 | Lair:5   | 13126 ||| Stepping ~*~*~tactically~*~*~ (stealth).
 13135 | Lair:5   | 13135 ||| Stepping ~*~*~tactically~*~*~ (stealth).
 13144 | Lair:5   | 13144 ||| INVOKING Heroism.
 13149 | Lair:5   | 13149 ||| Stepping ~*~*~tactically~*~*~ (hiding).
 13160 | Lair:5   | 13160 ||| Stepping ~*~*~tactically~*~*~ (stealth).
 13168 | Lair:5   | 13168 ||| INVOKING Heroism.
 13242 | Lair:5   | 13242 ||| Stepping ~*~*~tactically~*~*~ (stealth).
 13315 | Lair:5   | 13315 ||| Stepping ~*~*~tactically~*~*~ (stealth).
 13316 | Lair:5   | 13316 ||| Stepping ~*~*~tactically~*~*~ (stealth).
 13317 | Lair:5   | 13317 ||| Stepping ~*~*~tactically~*~*~ (stealth).
 13322 | Lair:5   | Found a staircase to the Slime Pits.
 13348 | Lair:5   | 13348 ||| INVOKING Heroism.
 13395 | Lair:5   | 13395 ||| INVOKING Heroism.
 13429 | Lair:5   | 13429 ||| READING 3 scrolls of identify.
 13429 | Lair:5   | 13429 ||| IDENTIFYING murky golden potion
 13430 | Lair:5   | 13430 ||| DROPPING potion of lignification.
 13463 | Lair:4   | 13463 ||| Stepping ~*~*~tactically~*~*~ (stealth).
 13464 | Lair:4   | 13464 ||| Stepping ~*~*~tactically~*~*~ (stealth).
 13466 | Lair:4   | 13466 ||| INVOKING Heroism.
 13467 | Lair:4   | You fall into a shaft and drop 1 floor!
 13499 | Lair:4   | 13499 ||| Stepping ~*~*~tactically~*~*~ (outnumbered).
 13524 | Lair:4   | 13524 ||| FLEEEEING.
 13525 | Lair:4   | 13525 ||| FLEEEEING.
 13526 | Lair:4   | 13526 ||| FLEEEEING.
 13527 | Lair:4   | 13527 ||| FLEEEEING.
 13529 | Lair:4   | 13529 ||| FLEEEEING.
 13530 | Lair:4   | 13530 ||| FLEEEEING.
 13531 | Lair:4   | 13531 ||| FLEEEEING.
 13532 | Lair:4   | 13532 ||| FLEEEEING.
 13533 | Lair:4   | 13533 ||| STAIRDANCE
 13684 | Lair:3   | 13684 ||| INVOKING Heroism.
 13896 | Lair:3   | 13896 ||| DROPPING ring of ice.
 13897 | Lair:3   | 13897 ||| UPGRADING to +4 ring of evasion.
 13899 | Lair:3   | 13899 ||| UPGRADING to +6 ring of dexterity.
 13901 | Lair:3   | 13901 ||| READING scroll labelled TIOMIK ALUABB.
 13956 | Lair:4   | 13956 ||| INVOKING Heroism.
 13967 | Lair:4   | Reached *** piety under Okawaru
 14131 | Lair:4   | 14131 ||| INVOKING Heroism.
 14308 | Lair:4   | 14308 ||| INVOKING Heroism.
 14326 | Lair:4   | 14326 ||| INVOKING Heroism.
 14330 | Lair:4   | 14330 ||| Stepping ~*~*~tactically~*~*~ (stealth).
 14350 | Lair:4   | 14350 ||| Stepping ~*~*~tactically~*~*~ (outnumbered).
 14356 | Lair:4   | 14356 ||| INVOKING Heroism.
 14358 | Lair:4   | Reached skill level 19 in Unarmed Combat
 14415 | Lair:4   | 14415 ||| Stepping ~*~*~tactically~*~*~ (stealth).
 14417 | Lair:4   | 14417 ||| INVOKING Heroism.
 14441 | Lair:4   | 14441 ||| INVOKING Heroism.
 14463 | Lair:4   | 14463 ||| INVOKING Heroism.
 14482 | Lair:4   | 14482 ||| Stepping ~*~*~tactically~*~*~ (outnumbered).
 14591 | Lair:4   | 14591 ||| Stepping ~*~*~tactically~*~*~ (stealth).
 14626 | Lair:4   | Reached skill level 3 in Dodging
 14730 | Lair:4   | 14730 ||| Stepping ~*~*~tactically~*~*~ (outnumbered).
 14732 | Lair:4   | 14732 ||| Stepping ~*~*~tactically~*~*~ (outnumbered).
 14915 | Lair:4   | 14915 ||| UPGRADING to +1 cloak.
 14925 | Lair:4   | 14925 ||| DROPPING +0 cloak.
 14926 | Lair:4   | 14926 ||| READING scroll labelled DAOSHRI YTUWURR.
 14943 | Lair:4   | 14943 ||| INVOKING Heroism.
 14995 | Lair:5   | 14995 ||| INVOKING Heroism.
 15003 | Lair:5   | 15003 ||| STAIRDANCE
 15012 | Lair:5   | 15012 ||| STAIRDANCE
 15014 | Lair:4   | 15014 ||| INVOKING Heroism.
 15032 | Lair:5   | 15032 ||| STAIRDANCE
 15040 | Lair:5   | 15040 ||| STAIRDANCE
 15048 | Lair:4   | 15048 ||| Stepping ~*~*~tactically~*~*~ (outnumbered).
 15050 | Lair:4   | 15050 ||| Stepping ~*~*~tactically~*~*~ (outnumbered).
 15051 | Lair:4   | 15051 ||| Stepping ~*~*~tactically~*~*~ (outnumbered).
 15052 | Lair:4   | 15052 ||| Stepping ~*~*~tactically~*~*~ (outnumbered).
 15087 | Lair:5   | 15087 ||| STAIRDANCE
 15089 | Lair:4   | 15089 ||| INVOKING Heroism.
 15107 | Lair:5   | Reached **** piety under Okawaru
 15124 | Lair:5   | 15124 ||| INVOKING Heroism.
 15127 | Lair:5   | 15127 ||| Stepping ~*~*~tactically~*~*~ (outnumbered).
 15128 | Lair:5   | 15128 ||| Stepping ~*~*~tactically~*~*~ (outnumbered).
 15130 | Lair:5   | 15130 ||| Stepping ~*~*~tactically~*~*~ (outnumbered).
 15131 | Lair:5   | 15131 ||| Stepping ~*~*~tactically~*~*~ (outnumbered).
 15240 | Lair:5   | 15240 ||| READING scroll of enchant armour.
 15240 | Lair:5   | 15240 ||| ENCHANTING +0 gold dragon scales.
 15282 | Lair:5   | 15282 ||| Stepping ~*~*~tactically~*~*~ (stealth).
 15283 | Lair:5   | 15283 ||| Stepping ~*~*~tactically~*~*~ (stealth).
 15356 | Lair:5   | 15356 ||| Stepping ~*~*~tactically~*~*~ (stealth).
 15357 | Lair:5   | 15357 ||| Stepping ~*~*~tactically~*~*~ (stealth).
 15394 | Lair:5   | 15394 ||| INVOKING Heroism.
 15399 | Lair:5   | 15399 ||| Stepping ~*~*~tactically~*~*~ (stealth).
 15408 | Lair:5   | 15408 ||| Stepping ~*~*~tactically~*~*~ (outnumbered).
 15409 | Lair:5   | 15409 ||| Stepping ~*~*~tactically~*~*~ (outnumbered).
 15412 | Lair:5   | 15412 ||| INVOKING Heroism.
 15417 | Lair:5   | Reached XP level 14. HP: 137/137 MP: 13/16
 15567 | Lair:5   | 15567 ||| Stepping ~*~*~tactically~*~*~ (stealth).
 15645 | Lair:5   | 15645 ||| INVOKING Heroism.
 15853 | Lair:5   | Identified the +6 longbow of Gravity {flame, Will+ Dex-3
                  | SInv}
 15978 | Lair:5   | 15978 ||| PLANNING D:1-11
 16100 | D:11     | Found an ornate altar of the Wu Jian Council.
 16100 | D:11     | Noticed Harold
 16101 | D:11     | 16101 ||| Stepping ~*~*~tactically~*~*~ (stealth).
 16103 | D:11     | 16103 ||| Stepping ~*~*~tactically~*~*~ (hiding).
 16115 | D:11     | Killed Harold
 16196 | D:11     | Noticed Nergalle
 16197 | D:11     | 16197 ||| Stepping ~*~*~tactically~*~*~ (hiding).
 16201 | D:11     | Found a staircase to the Orcish Mines.
 16206 | D:11     | Killed Nergalle
 16230 | D:11     | 16230 ||| FLEEEEING.
 16234 | D:11     | 16234 ||| FLEEEEING.
 16235 | D:11     | 16235 ||| FLEEEEING.
 16241 | D:11     | 16241 ||| Stepping ~*~*~tactically~*~*~ (hiding).
 16244 | D:11     | Noticed Fannar
 16246 | D:11     | 16246 ||| FLEEEEING.
 16247 | D:11     | 16247 ||| FLEEEEING.
 16248 | D:11     | 16248 ||| FLEEEEING.
 16249 | D:11     | 16249 ||| FLEEEEING.
 16250 | D:11     | 16250 ||| FLEEEEING.
 16251 | D:11     | 16251 ||| FLEEEEING.
 16252 | D:11     | 16252 ||| FLEEEEING.
 16253 | D:11     | 16253 ||| FLEEEEING.
 16254 | D:11     | 16254 ||| FLEEEEING.
 16255 | D:11     | 16255 ||| FLEEEEING.
 16256 | D:11     | 16256 ||| FLEEEEING.
 16257 | D:11     | 16257 ||| FLEEEEING.
 16258 | D:11     | 16258 ||| FLEEEEING.
 16259 | D:11     | 16259 ||| STAIRDANCE
 16268 | D:10     | 16268 ||| Stepping ~*~*~tactically~*~*~ (outnumbered).
 16273 | D:10     | 16273 ||| INVOKING Heroism.
 16432 | D:11     | 16432 ||| STAIRDANCE
 16436 | D:10     | Killed Fannar
 16436 | D:10     | Reached ***** piety under Okawaru
 16447 | D:11     | 16447 ||| Stepping ~*~*~tactically~*~*~ (hiding).
 16449 | D:11     | You fall into a shaft and drop 1 floor!
 16449 | D:12     | Was forgiven by Ignis
 16552 | D:12     | 16552 ||| Stepping ~*~*~tactically~*~*~ (outnumbered).
 16667 | D:11     | 16667 ||| READING scroll of enchant armour.
 16667 | D:11     | 16667 ||| ENCHANTING +1 gold dragon scales.
 16800 | D:11     | Reached skill level 6 in Invocations
 16895 | D:11     | 16895 ||| Stepping ~*~*~tactically~*~*~ (stealth).
 16896 | D:11     | 16896 ||| Stepping ~*~*~tactically~*~*~ (stealth).
 17054 | D:11     | 17054 ||| READING scroll of teleportation.
 17055 | D:11     | 17055 ||| PLANNING D
 17055 | D:11     | 17055 ||| STAIRDANCE
 17084 | D:12     | 17084 ||| Stepping ~*~*~tactically~*~*~ (stealth).
 17085 | D:12     | 17085 ||| Stepping ~*~*~tactically~*~*~ (stealth).
 17087 | D:12     | 17087 ||| Stepping ~*~*~tactically~*~*~ (hiding).
 17090 | D:12     | 17090 ||| Stepping ~*~*~tactically~*~*~ (hiding).
 17103 | D:12     | 17103 ||| INVOKING Heroism.
 17108 | D:12     | Received a gift from Okawaru
 17133 | D:12     | 17133 ||| Stepping ~*~*~tactically~*~*~ (outnumbered).
 17134 | D:12     | 17134 ||| Stepping ~*~*~tactically~*~*~ (outnumbered).
 17135 | D:12     | 17135 ||| Stepping ~*~*~tactically~*~*~ (outnumbered).
 17136 | D:12     | 17136 ||| Stepping ~*~*~tactically~*~*~ (outnumbered).
 17144 | D:12     | 17144 ||| INVOKING Heroism.
 17147 | D:12     | 17147 ||| Stepping ~*~*~tactically~*~*~ (outnumbered).
 17148 | D:12     | 17148 ||| Stepping ~*~*~tactically~*~*~ (outnumbered).
 17149 | D:12     | 17149 ||| Stepping ~*~*~tactically~*~*~ (outnumbered).
 17379 | D:12     | 17379 ||| INVOKING Heroism.
 17388 | D:12     | 17388 ||| Stepping ~*~*~tactically~*~*~ (outnumbered).
 17389 | D:12     | 17389 ||| Stepping ~*~*~tactically~*~*~ (outnumbered).
 17390 | D:12     | 17390 ||| Stepping ~*~*~tactically~*~*~ (outnumbered).
 17393 | D:12     | 17393 ||| Stepping ~*~*~tactically~*~*~ (outnumbered).
 17395 | D:12     | 17395 ||| Stepping ~*~*~tactically~*~*~ (outnumbered).
 17396 | D:12     | 17396 ||| Stepping ~*~*~tactically~*~*~ (outnumbered).
 17397 | D:12     | 17397 ||| Stepping ~*~*~tactically~*~*~ (outnumbered).
 17398 | D:12     | 17398 ||| Stepping ~*~*~tactically~*~*~ (outnumbered).
 17399 | D:12     | 17399 ||| Stepping ~*~*~tactically~*~*~ (outnumbered).
 17400 | D:12     | 17400 ||| Stepping ~*~*~tactically~*~*~ (outnumbered).
 17401 | D:12     | 17401 ||| Stepping ~*~*~tactically~*~*~ (outnumbered).
 17405 | D:12     | HP: 31/137 [skeletal warrior/+2 trident of freezing (16)]
 17406 | D:12     | 17406 ||| DRINKING 6 potions of heal wounds.
 17407 | D:12     | 17407 ||| Stepping ~*~*~tactically~*~*~ (outnumbered).
 17408 | D:12     | 17408 ||| DRINKING 5 potions of heal wounds.
 17409 | D:12     | 17409 ||| Stepping ~*~*~tactically~*~*~ (outnumbered).
 17410 | D:12     | 17410 ||| Stepping ~*~*~tactically~*~*~ (outnumbered).
 17411 | D:12     | 17411 ||| Stepping ~*~*~tactically~*~*~ (hiding).
 17412 | D:12     | 17412 ||| INVOKING Heroism.
 17536 | D:12     | Identified the +2 robe "Vootweah" {Contam +Inv Int+10
                  | Archmagi}
 17558 | D:12     | 17558 ||| Stepping ~*~*~tactically~*~*~ (stealth).
 17560 | D:12     | 17560 ||| INVOKING Heroism.
 17561 | D:12     | 17561 ||| Stepping ~*~*~tactically~*~*~ (outnumbered).
 17570 | D:12     | 17570 ||| Stepping ~*~*~tactically~*~*~ (outnumbered).
 17571 | D:12     | 17571 ||| Stepping ~*~*~tactically~*~*~ (outnumbered).
 17574 | D:12     | 17574 ||| Stepping ~*~*~tactically~*~*~ (outnumbered).
 17575 | D:12     | 17575 ||| Stepping ~*~*~tactically~*~*~ (outnumbered).
 17576 | D:12     | 17576 ||| Stepping ~*~*~tactically~*~*~ (outnumbered).
 17577 | D:12     | 17577 ||| Stepping ~*~*~tactically~*~*~ (outnumbered).
 17578 | D:12     | 17578 ||| Stepping ~*~*~tactically~*~*~ (outnumbered).
 17579 | D:12     | 17579 ||| Stepping ~*~*~tactically~*~*~ (outnumbered).
 17586 | D:12     | HP: 21/137 [enormous slime creature (48)]
 17587 | D:12     | 17587 ||| DRINKING 4 potions of heal wounds.
 17831 | D:12     | 17831 ||| DROPPING +1 shadow dragon scales.
 17832 | D:12     | 17832 ||| READING 3 scrolls of identify.
 17832 | D:12     | 17832 ||| IDENTIFYING pink potion
 17923 | D:13     | Reached skill level 6 in Throwing
 18343 | D:13     | Noticed Jorgrun
 18344 | D:13     | 18344 ||| Stepping ~*~*~tactically~*~*~ (hiding).
 18347 | D:13     | 18347 ||| INVOKING Heroism.
 18348 | D:13     | 18348 ||| INVOKING Finesse.
 18356 | D:13     | Killed Jorgrun
 18449 | D:13     | Found Nulug's Antique Artefacts.
 18452 | D:13     | 18452 ||| Stepping ~*~*~tactically~*~*~ (hiding).
 18453 | D:13     | 18453 ||| INVOKING Heroism.
 18457 | D:13     | Noticed Snorg
 18458 | D:13     | 18458 ||| INVOKING Finesse.
 18467 | D:13     | Killed Snorg
 18510 | D:13     | 18510 ||| BUYING brightly glowing pewter ring (130 gold).
 18510 | D:13     | Bought a brightly glowing pewter ring for 130 gold pieces
 18510 | D:13     | Identified the ring "Oruti" {Wiz rF+} (You bought it in a
                  | shop on level 13 of the Dungeon)
 18510 | D:13     | 18510 ||| BUYING steaming golden ring (130 gold).
 18510 | D:13     | Bought a steaming golden ring for 130 gold pieces
 18510 | D:13     | Identified the ring "Jaemotyrph" {rPois rC+ Str+5 SInv
                  | Stlth+} (You bought it in a shop on level 13 of the
                  | Dungeon)
 18560 | D:13     | 18560 ||| Stepping ~*~*~tactically~*~*~ (hiding).
 18683 | D:13     | 18683 ||| Stepping ~*~*~tactically~*~*~ (stealth).
 18720 | D:13     | 18720 ||| Stepping ~*~*~tactically~*~*~ (hiding).
 18726 | D:13     | 18726 ||| DRINKING potion of cancellation.
 19001 | D:13     | 19001 ||| DROPPING ring of protection from cold.
 19002 | D:13     | 19002 ||| UPGRADING to ring "Jaemotyrph" {rPois rC+ Str+5
                  | SInv Stlth+}.
 19004 | D:13     | 19004 ||| UPGRADING to +4 ring of evasion.
 19006 | D:13     | 19006 ||| DROPPING +6 ring of dexterity.
 19088 | D:14     | 19088 ||| Stepping ~*~*~tactically~*~*~ (hiding).
 19120 | D:14     | 19120 ||| INVOKING Heroism.
 19355 | D:14     | 19355 ||| Stepping ~*~*~tactically~*~*~ (hiding).
 19357 | D:14     | 19357 ||| Stepping ~*~*~tactically~*~*~ (hiding).
 19504 | D:14     | Found a runed translucent door.
 19529 | D:14     | 19529 ||| INVOKING Heroism.
 19542 | D:14     | 19542 ||| FLEEEEING.
 19694 | D:14     | 19694 ||| FLEEEEING.
 19695 | D:14     | 19695 ||| FLEEEEING.
 19696 | D:14     | 19696 ||| FLEEEEING.
 19697 | D:14     | 19697 ||| FLEEEEING.
 19698 | D:14     | 19698 ||| FLEEEEING.
 19699 | D:14     | 19699 ||| FLEEEEING.
 19700 | D:14     | 19700 ||| FLEEEEING.
 19701 | D:14     | 19701 ||| FLEEEEING.
 19732 | D:14     | 19732 ||| FLEEEEING.
 19733 | D:14     | 19733 ||| FLEEEEING.
 19734 | D:14     | 19734 ||| FLEEEEING.
 19790 | D:14     | 19790 ||| Stepping ~*~*~tactically~*~*~ (stealth).
 19795 | D:14     | 19795 ||| INVOKING Heroism.
 19797 | D:14     | 19797 ||| Stepping ~*~*~tactically~*~*~ (outnumbered).
 19974 | D:14     | 19974 ||| FLEEEEING.
 19975 | D:14     | 19975 ||| FLEEEEING.
 19976 | D:14     | 19976 ||| FLEEEEING.
 19977 | D:14     | 19977 ||| FLEEEEING.
 19978 | D:14     | 19978 ||| FLEEEEING.
 20042 | D:14     | 20042 ||| INVOKING Heroism.
 20045 | D:14     | 20045 ||| Stepping ~*~*~tactically~*~*~ (hiding).
 20087 | D:14     | Found a gate to the Vaults.
 20091 | D:14     | 20091 ||| Stepping ~*~*~tactically~*~*~ (outnumbered).
 20094 | D:14     | 20094 ||| Stepping ~*~*~tactically~*~*~ (outnumbered).
 20095 | D:14     | 20095 ||| Stepping ~*~*~tactically~*~*~ (outnumbered).
 20096 | D:14     | 20096 ||| Stepping ~*~*~tactically~*~*~ (outnumbered).
 20097 | D:14     | 20097 ||| Stepping ~*~*~tactically~*~*~ (outnumbered).
 20098 | D:14     | 20098 ||| Stepping ~*~*~tactically~*~*~ (outnumbered).
 20102 | D:14     | 20102 ||| INVOKING Heroism.
 20161 | D:14     | 20161 ||| Stepping ~*~*~tactically~*~*~ (hiding).
 20175 | D:14     | Reached XP level 15. HP: 140/145 MP: 20/20
 20336 | D:14     | 20336 ||| READING 6 scrolls of identify.
 20336 | D:14     | 20336 ||| IDENTIFYING fizzy brown potion
 20381 | D:15     | Entered Level 15 of the Dungeon
 20394 | D:15     | 20394 ||| INVOKING Heroism.
 20395 | D:15     | 20395 ||| INVOKING Finesse.
 20396 | D:15     | 20396 ||| INVOKING Finesse.
 20404 | D:15     | Reached skill level 9 in Invocations
 20404 | D:15     | 20404 ||| Stepping ~*~*~tactically~*~*~ (hiding).
 20474 | D:15     | Reached skill level 9 in Fighting
 20545 | D:15     | 20545 ||| Stepping ~*~*~tactically~*~*~ (hiding).
 20552 | D:15     | 20552 ||| INVOKING Heroism.
 20557 | D:15     | Received a gift from Okawaru
 20565 | D:15     | 20565 ||| Stepping ~*~*~tactically~*~*~ (stealth).
 20566 | D:15     | 20566 ||| FLEEEEING.
 20567 | D:15     | 20567 ||| Stepping ~*~*~tactically~*~*~ (hiding).
 20571 | D:15     | 20571 ||| FLEEEEING.
 20572 | D:15     | 20572 ||| FLEEEEING.
 20573 | D:15     | 20573 ||| FLEEEEING.
 20574 | D:15     | 20574 ||| FLEEEEING.
 20575 | D:15     | 20575 ||| FLEEEEING.
 20576 | D:15     | 20576 ||| FLEEEEING.
 20577 | D:15     | 20577 ||| FLEEEEING.
 20578 | D:15     | 20578 ||| FLEEEEING.
 20579 | D:15     | 20579 ||| FLEEEEING.
 20580 | D:15     | 20580 ||| FLEEEEING.
 20581 | D:15     | 20581 ||| FLEEEEING.
 20582 | D:15     | 20582 ||| FLEEEEING.
 20583 | D:15     | 20583 ||| FLEEEEING.
 20584 | D:15     | 20584 ||| FLEEEEING.
 20585 | D:15     | 20585 ||| Stepping ~*~*~tactically~*~*~ (hiding).
 20588 | D:15     | 20588 ||| STAIRDANCE
 20590 | D:14     | 20590 ||| INVOKING Heroism.
 20753 | D:15     | 20753 ||| INVOKING Heroism.
 20771 | D:15     | Identified Roxanne's Textbook on the Figure
 20771 | D:15     | Noticed Roxanne
 20772 | D:15     | 20772 ||| INVOKING Finesse.
 20789 | D:15     | Killed Roxanne
 20789 | D:15     | Received a gift from Okawaru
 20839 | D:15     | 20839 ||| INVOKING Heroism.
 21056 | D:15     | 21056 ||| Stepping ~*~*~tactically~*~*~ (hiding).
 21059 | D:15     | 21059 ||| Stepping ~*~*~tactically~*~*~ (hiding).
 21060 | D:15     | 21060 ||| Stepping ~*~*~tactically~*~*~ (hiding).
 21241 | D:15     | 21241 ||| Stepping ~*~*~tactically~*~*~ (hiding).
 21534 | D:15     | 21534 ||| Stepping ~*~*~tactically~*~*~ (hiding).
 21538 | D:15     | 21538 ||| INVOKING Heroism.
 21558 | D:15     | Found a staircase to the Depths.
 21696 | D:15     | 21696 ||| PLANNING ORC
 21820 | Orc:1    | Entered Level 1 of the Orcish Mines
 21823 | Orc:1    | 21823 ||| INVOKING Heroism.
 21885 | Orc:1    | 21885 ||| INVOKING Heroism.
 21886 | Orc:1    | 21886 ||| INVOKING Finesse.
 21952 | Orc:1    | You fall into a shaft and drop 1 floor!
 21952 | Orc:2    | Entered Level 2 of the Orcish Mines
 21967 | Orc:2    | Found Woetu's Armour Boutique.
 21976 | Orc:2    | 21976 ||| BUYING +0 cloak of poison resistance (127 gold).
 21976 | Orc:2    | Bought a +0 cloak of poison resistance for 127 gold pieces
 21979 | Orc:2    | 21979 ||| Stepping ~*~*~tactically~*~*~ (outnumbered).
 21981 | Orc:2    | 21981 ||| Stepping ~*~*~tactically~*~*~ (outnumbered).
 21982 | Orc:2    | 21982 ||| Stepping ~*~*~tactically~*~*~ (outnumbered).
 21983 | Orc:2    | 21983 ||| Stepping ~*~*~tactically~*~*~ (outnumbered).
 22011 | Orc:2    | Found Fublere's Jewellery Emporium.
 22022 | Orc:2    | 22022 ||| BUYING ring of Wiet {*Corrode rPois rC++ rN+
                  | Int+3} (543 gold).
 22022 | Orc:2    | Bought the ring of Wiet {*Corrode rPois rC++ rN+ Int+3} for
                  | 543 gold pieces
 22113 | Orc:2    | 22113 ||| INVOKING Heroism.
 22114 | Orc:2    | 22114 ||| Stepping ~*~*~tactically~*~*~ (outnumbered).
 22115 | Orc:2    | 22115 ||| Stepping ~*~*~tactically~*~*~ (outnumbered).
 22116 | Orc:2    | 22116 ||| Stepping ~*~*~tactically~*~*~ (stealth).
 22117 | Orc:2    | 22117 ||| Stepping ~*~*~tactically~*~*~ (outnumbered).
 22118 | Orc:2    | 22118 ||| Stepping ~*~*~tactically~*~*~ (outnumbered).
 22121 | Orc:2    | 22121 ||| Stepping ~*~*~tactically~*~*~ (outnumbered).
 22122 | Orc:2    | 22122 ||| Stepping ~*~*~tactically~*~*~ (outnumbered).
 22123 | Orc:2    | 22123 ||| Stepping ~*~*~tactically~*~*~ (outnumbered).
 22124 | Orc:2    | 22124 ||| Stepping ~*~*~tactically~*~*~ (outnumbered).
 22126 | Orc:2    | 22126 ||| Stepping ~*~*~tactically~*~*~ (outnumbered).
 22172 | Orc:2    | 22172 ||| Stepping ~*~*~tactically~*~*~ (hiding).
 22179 | Orc:2    | 22179 ||| Stepping ~*~*~tactically~*~*~ (hiding).
 22241 | Orc:1    | 22241 ||| Stepping ~*~*~tactically~*~*~ (stealth).
 22253 | Orc:1    | 22253 ||| Stepping ~*~*~tactically~*~*~ (hiding).
 22265 | Orc:1    | 22265 ||| Stepping ~*~*~tactically~*~*~ (stealth).
 22267 | Orc:1    | 22267 ||| Stepping ~*~*~tactically~*~*~ (hiding).
 22270 | Orc:1    | 22270 ||| INVOKING Heroism.
 22274 | Orc:1    | 22274 ||| Stepping ~*~*~tactically~*~*~ (outnumbered).
 22275 | Orc:1    | 22275 ||| Stepping ~*~*~tactically~*~*~ (outnumbered).
 22276 | Orc:1    | 22276 ||| Stepping ~*~*~tactically~*~*~ (outnumbered).
 22277 | Orc:1    | 22277 ||| Stepping ~*~*~tactically~*~*~ (outnumbered).
 22278 | Orc:1    | 22278 ||| Stepping ~*~*~tactically~*~*~ (outnumbered).
 22279 | Orc:1    | 22279 ||| Stepping ~*~*~tactically~*~*~ (outnumbered).
 22280 | Orc:1    | 22280 ||| Stepping ~*~*~tactically~*~*~ (outnumbered).
 22283 | Orc:1    | 22283 ||| Stepping ~*~*~tactically~*~*~ (outnumbered).
 22284 | Orc:1    | 22284 ||| Stepping ~*~*~tactically~*~*~ (outnumbered).
 22285 | Orc:1    | 22285 ||| Stepping ~*~*~tactically~*~*~ (outnumbered).
 22289 | Orc:1    | 22289 ||| Stepping ~*~*~tactically~*~*~ (outnumbered).
 22290 | Orc:1    | 22290 ||| Stepping ~*~*~tactically~*~*~ (outnumbered).
 22291 | Orc:1    | 22291 ||| Stepping ~*~*~tactically~*~*~ (outnumbered).
 22292 | Orc:1    | 22292 ||| Stepping ~*~*~tactically~*~*~ (outnumbered).
 22293 | Orc:1    | 22293 ||| Stepping ~*~*~tactically~*~*~ (outnumbered).
 22294 | Orc:1    | 22294 ||| Stepping ~*~*~tactically~*~*~ (outnumbered).
 22295 | Orc:1    | 22295 ||| Stepping ~*~*~tactically~*~*~ (outnumbered).
 22297 | Orc:1    | 22297 ||| INVOKING Heroism.
 22335 | Orc:1    | HP: 26/146 [orc warrior/+0 halberd (13)]
 22336 | Orc:1    | 22336 ||| DRINKING 6 potions of heal wounds.
 22376 | Orc:1    | 22376 ||| Stepping ~*~*~tactically~*~*~ (stealth).
 22377 | Orc:1    | 22377 ||| INVOKING Heroism.
 22619 | Orc:1    | Found a runed translucent door.
 22621 | Orc:1    | Noticed qw's ghost (journeyman TrCA)
 22735 | Orc:1    | 22735 ||| Stepping randomly (stuck).
 22751 | Orc:2    | 22751 ||| STAIRDANCE
 22753 | Orc:2    | 22753 ||| STAIRDANCE
 22755 | Orc:2    | 22755 ||| STAIRDANCE
 22779 | Orc:2    | 22779 ||| STAIRDANCE
 22792 | Orc:2    | 22792 ||| Stepping ~*~*~tactically~*~*~ (hiding).
 22932 | Orc:2    | 22932 ||| Stepping ~*~*~tactically~*~*~ (outnumbered).
 22934 | Orc:2    | 22934 ||| Stepping ~*~*~tactically~*~*~ (outnumbered).
 22974 | Orc:2    | Found a staircase to the Elven Halls.
 23056 | Orc:2    | 23056 ||| Stepping ~*~*~tactically~*~*~ (stealth).
 23058 | Orc:2    | 23058 ||| Stepping ~*~*~tactically~*~*~ (hiding).
 23061 | Orc:2    | 23061 ||| Stepping ~*~*~tactically~*~*~ (outnumbered).
 23113 | Orc:2    | 23113 ||| Stepping ~*~*~tactically~*~*~ (stealth).
 23117 | Orc:2    | 23117 ||| Stepping ~*~*~tactically~*~*~ (hiding).
 23118 | Orc:2    | 23118 ||| Stepping ~*~*~tactically~*~*~ (hiding).
 23163 | Orc:2    | 23163 ||| INVOKING Heroism.
 23164 | Orc:2    | 23164 ||| Stepping ~*~*~tactically~*~*~ (outnumbered).
 23165 | Orc:2    | 23165 ||| Stepping ~*~*~tactically~*~*~ (outnumbered).
 23166 | Orc:2    | 23166 ||| Stepping ~*~*~tactically~*~*~ (outnumbered).
 23167 | Orc:2    | 23167 ||| Stepping ~*~*~tactically~*~*~ (outnumbered).
 23168 | Orc:2    | 23168 ||| Stepping ~*~*~tactically~*~*~ (outnumbered).
 23170 | Orc:2    | 23170 ||| Stepping ~*~*~tactically~*~*~ (outnumbered).
 23171 | Orc:2    | 23171 ||| Stepping ~*~*~tactically~*~*~ (outnumbered).
 23172 | Orc:2    | 23172 ||| Stepping ~*~*~tactically~*~*~ (outnumbered).
 23173 | Orc:2    | 23173 ||| Stepping ~*~*~tactically~*~*~ (outnumbered).
 23176 | Orc:2    | 23176 ||| Stepping ~*~*~tactically~*~*~ (outnumbered).
 23177 | Orc:2    | 23177 ||| Stepping ~*~*~tactically~*~*~ (outnumbered).
 23178 | Orc:2    | 23178 ||| Stepping ~*~*~tactically~*~*~ (outnumbered).
 23179 | Orc:2    | 23179 ||| Stepping ~*~*~tactically~*~*~ (outnumbered).
 23180 | Orc:2    | 23180 ||| Stepping ~*~*~tactically~*~*~ (outnumbered).
 23181 | Orc:2    | 23181 ||| Stepping ~*~*~tactically~*~*~ (outnumbered).
 23182 | Orc:2    | 23182 ||| Stepping ~*~*~tactically~*~*~ (outnumbered).
 23183 | Orc:2    | 23183 ||| Stepping ~*~*~tactically~*~*~ (outnumbered).
 23242 | Orc:2    | 23242 ||| Stepping ~*~*~tactically~*~*~ (stealth).
 23243 | Orc:2    | 23243 ||| Stepping ~*~*~tactically~*~*~ (stealth).
 23248 | Orc:2    | 23248 ||| Stepping ~*~*~tactically~*~*~ (hiding).
 23249 | Orc:2    | 23249 ||| Stepping ~*~*~tactically~*~*~ (hiding).
 23270 | Orc:2    | 23270 ||| Stepping ~*~*~tactically~*~*~ (stealth).
 23271 | Orc:2    | 23271 ||| Stepping ~*~*~tactically~*~*~ (stealth).
 23327 | Orc:2    | 23327 ||| Stepping ~*~*~tactically~*~*~ (hiding).
 23337 | Orc:2    | 23337 ||| INVOKING Heroism.
 23341 | Orc:2    | Found Jeuxad's Armour Boutique.
 23406 | Orc:2    | 23406 ||| Stepping ~*~*~tactically~*~*~ (hiding).
 23413 | Orc:2    | 23413 ||| INVOKING Heroism.
 23414 | Orc:2    | 23414 ||| Stepping ~*~*~tactically~*~*~ (outnumbered).
 23420 | Orc:2    | 23420 ||| Stepping ~*~*~tactically~*~*~ (outnumbered).
 23422 | Orc:2    | 23422 ||| Stepping ~*~*~tactically~*~*~ (outnumbered).
 23425 | Orc:2    | 23425 ||| Stepping ~*~*~tactically~*~*~ (outnumbered).
 23428 | Orc:2    | 23428 ||| Stepping ~*~*~tactically~*~*~ (outnumbered).
 23435 | Orc:2    | 23435 ||| Stepping ~*~*~tactically~*~*~ (outnumbered).
 23477 | Orc:2    | Found Ynazyx's Jewellery Shoppe.
 23485 | Orc:2    | 23485 ||| BUYING +4 ring of evasion (432 gold).
 23485 | Orc:2    | Bought a +4 ring of evasion for 432 gold pieces
 23533 | Orc:2    | 23533 ||| Stepping ~*~*~tactically~*~*~ (stealth).
 23538 | Orc:2    | 23538 ||| Stepping ~*~*~tactically~*~*~ (stealth).
 23540 | Orc:2    | 23540 ||| Stepping ~*~*~tactically~*~*~ (hiding).
 23544 | Orc:2    | 23544 ||| Stepping ~*~*~tactically~*~*~ (hiding).
 23546 | Orc:2    | 23546 ||| INVOKING Heroism.
 23562 | Orc:2    | 23562 ||| Stepping ~*~*~tactically~*~*~ (stealth).
 23570 | Orc:2    | 23570 ||| Stepping ~*~*~tactically~*~*~ (outnumbered).
 23574 | Orc:2    | 23574 ||| Stepping ~*~*~tactically~*~*~ (stealth).
 23577 | Orc:2    | 23577 ||| Stepping ~*~*~tactically~*~*~ (outnumbered).
 23593 | Orc:2    | Noticed an orc warlord
 23600 | Orc:2    | 23600 ||| Stepping ~*~*~tactically~*~*~ (outnumbered).
 23602 | Orc:2    | 23602 ||| Stepping ~*~*~tactically~*~*~ (outnumbered).
 23603 | Orc:2    | 23603 ||| Stepping ~*~*~tactically~*~*~ (outnumbered).
 23604 | Orc:2    | 23604 ||| Stepping ~*~*~tactically~*~*~ (outnumbered).
 23607 | Orc:2    | 23607 ||| Stepping ~*~*~tactically~*~*~ (outnumbered).
 23609 | Orc:2    | 23609 ||| Stepping ~*~*~tactically~*~*~ (outnumbered).
 23610 | Orc:2    | 23610 ||| Stepping ~*~*~tactically~*~*~ (outnumbered).
 23615 | Orc:2    | Killed an orc warlord
 23618 | Orc:2    | Reached skill level 20 in Unarmed Combat
 23622 | Orc:2    | 23622 ||| Stepping ~*~*~tactically~*~*~ (outnumbered).
 23624 | Orc:2    | 23624 ||| Stepping ~*~*~tactically~*~*~ (outnumbered).
 23713 | Orc:2    | Found Zeru's Antique Armour Shoppe.
 23717 | Orc:2    | Found Doopit's Antique Weapon Emporium.
 23822 | Orc:2    | 23822 ||| Stepping ~*~*~tactically~*~*~ (stealth).
 23824 | Orc:2    | 23824 ||| INVOKING Heroism.
 23830 | Orc:2    | 23830 ||| Stepping ~*~*~tactically~*~*~ (outnumbered).
 23839 | Orc:2    | 23839 ||| UPGRADING to +0 kite shield.
 23949 | Orc:1    | 23949 ||| PLANNING SPIDER:1-3
 24077 | Spider:1 | Entered Level 1 of the Spider Nest
 24089 | Spider:1 | 24089 ||| INVOKING Heroism.
 24101 | Spider:1 | Reached skill level 1 in Shields
 24117 | Spider:1 | Noticed Josephine
 24118 | Spider:1 | 24118 ||| Stepping ~*~*~tactically~*~*~ (stealth).
 24126 | Spider:1 | Killed Josephine
 24170 | Spider:1 | Received a gift from Okawaru
 24192 | Spider:1 | 24192 ||| Stepping ~*~*~tactically~*~*~ (hiding).
 24194 | Spider:1 | 24194 ||| INVOKING Heroism.
 24197 | Spider:1 | 24197 ||| Stepping ~*~*~tactically~*~*~ (outnumbered).
 24345 | Spider:1 | 24345 ||| Stepping ~*~*~tactically~*~*~ (outnumbered).
 24424 | Spider:1 | Reached skill level 3 in Shields
 24424 | Spider:1 | Noticed an emperor scorpion
 24425 | Spider:1 | 24425 ||| Stepping ~*~*~tactically~*~*~ (stealth).
 24428 | Spider:1 | 24428 ||| INVOKING Heroism.
 24444 | Spider:1 | Killed an emperor scorpion
 24461 | Spider:1 | 24461 ||| INVOKING Heroism.
 24766 | Spider:1 | 24766 ||| Stepping ~*~*~tactically~*~*~ (stealth).
 24776 | Spider:1 | Received a gift from Okawaru
 24872 | Spider:1 | 24872 ||| INVOKING Finesse.
 24880 | Spider:1 | Received a gift from Okawaru
 24917 | Spider:1 | 24917 ||| Stepping ~*~*~tactically~*~*~ (stealth).
 25065 | Spider:1 | 25065 ||| READING scroll labelled UKABEIG TAANG.
 25455 | Spider:2 | Noticed Donald
 25456 | Spider:2 | 25456 ||| INVOKING Heroism.
 25457 | Spider:2 | 25457 ||| INVOKING Finesse.
 25465 | Spider:2 | Killed Donald
 25552 | Spider:2 | 25552 ||| INVOKING Finesse.
 25554 | Spider:2 | 25554 ||| INVOKING Heroism.
 25576 | Spider:2 | Received a gift from Okawaru
 25577 | Spider:2 | Reached skill level 6 in Shields
 25587 | Spider:2 | 25587 ||| Stepping ~*~*~tactically~*~*~ (stealth).
 25938 | Spider:2 | 25938 ||| Stepping ~*~*~tactically~*~*~ (hiding).
 25943 | Spider:2 | 25943 ||| DRINKING 10 potions of curing.
 25943 | Spider:2 | 25943 ||| (to cure confusion)
 25944 | Spider:2 | 25944 ||| INVOKING Heroism.
 25951 | Spider:2 | Identified the +1 hat "Vakhloid" {Harm} (Okawaru gifted it
                  | to you on level 2 of the Spider Nest)
 25951 | Spider:2 | Received a gift from Okawaru
 26311 | Spider:2 | 26311 ||| Stepping ~*~*~tactically~*~*~ (hiding).
 26350 | Spider:2 | 26350 ||| Stepping ~*~*~tactically~*~*~ (hiding).
 26352 | Spider:2 | 26352 ||| INVOKING Finesse.
 26359 | Spider:2 | Reached XP level 16. HP: 156/156 MP: 17/22
 26361 | Spider:2 | 26361 ||| READING 8 scrolls of identify.
 26361 | Spider:2 | 26361 ||| IDENTIFYING bubbling red potion
 26362 | Spider:2 | 26362 ||| DROPPING potion of invisibility.
 26400 | Spider:2 | 26400 ||| FLEEEEING.
 26401 | Spider:2 | 26401 ||| FLEEEEING.
 26402 | Spider:2 | 26402 ||| FLEEEEING.
 26403 | Spider:2 | 26403 ||| FLEEEEING.
 26404 | Spider:2 | 26404 ||| FLEEEEING.
 26405 | Spider:2 | 26405 ||| FLEEEEING.
 26406 | Spider:2 | 26406 ||| FLEEEEING.
 26407 | Spider:2 | 26407 ||| FLEEEEING.
 26408 | Spider:2 | 26408 ||| FLEEEEING.
 26409 | Spider:2 | 26409 ||| FLEEEEING.
 26410 | Spider:2 | 26410 ||| FLEEEEING.
 26411 | Spider:2 | 26411 ||| FLEEEEING.
 26412 | Spider:2 | 26412 ||| FLEEEEING.
 26752 | Spider:3 | 26752 ||| INVOKING Heroism.
 26753 | Spider:3 | 26753 ||| Stepping ~*~*~tactically~*~*~ (hiding).
 26755 | Spider:3 | 26755 ||| INVOKING Finesse.
 26759 | Spider:3 | 26759 ||| STAIRDANCE
 26794 | Spider:3 | 26794 ||| STAIRDANCE
 26801 | Spider:3 | 26801 ||| STAIRDANCE
 26805 | Spider:3 | 26805 ||| STAIRDANCE
 26847 | Spider:3 | 26847 ||| Stepping ~*~*~tactically~*~*~ (stealth).
 26849 | Spider:3 | Noticed Mara
 26849 | Spider:3 | 26849 ||| Stepping ~*~*~tactically~*~*~ (hiding).
 26855 | Spider:3 | 26855 ||| INVOKING Heroism.
 26862 | Spider:3 | Killed Mara
 26922 | Spider:3 | 26922 ||| Stepping ~*~*~tactically~*~*~ (stealth).
 26923 | Spider:3 | 26923 ||| Stepping ~*~*~tactically~*~*~ (stealth).
 26996 | Spider:3 | 26996 ||| Stepping ~*~*~tactically~*~*~ (hiding).
 27000 | Spider:3 | 27000 ||| Stepping ~*~*~tactically~*~*~ (stealth).
 27004 | Spider:3 | 27004 ||| INVOKING Finesse.
 27146 | Spider:3 | 27146 ||| Stepping ~*~*~tactically~*~*~ (hiding).
 27164 | Spider:3 | Reached skill level 9 in Shields
 27301 | Spider:3 | 27301 ||| DRINKING 9 potions of curing.
 27301 | Spider:3 | 27301 ||| (to cure confusion)
 27311 | Spider:3 | 27311 ||| INVOKING Heroism.
 27514 | Spider:3 | 27514 ||| INVOKING Heroism.
 27763 | Spider:3 | 27763 ||| INVOKING Heroism.
 28059 | Spider:3 | 28059 ||| PLANNING SWAMP:1-3
 28229 | Swamp:1  | Entered Level 1 of the Swamp
 28252 | Swamp:1  | 28252 ||| INVOKING Heroism.
 28353 | Swamp:1  | 28353 ||| Stepping ~*~*~tactically~*~*~ (stealth).
 28456 | Swamp:1  | 28456 ||| Stepping ~*~*~tactically~*~*~ (hiding).
 28458 | Swamp:1  | 28458 ||| INVOKING Heroism.
 28467 | Swamp:1  | 28467 ||| Stepping ~*~*~tactically~*~*~ (stealth).
 28560 | Swamp:1  | 28560 ||| Stepping ~*~*~tactically~*~*~ (hiding).
 28563 | Swamp:1  | 28563 ||| INVOKING Heroism.
 28606 | Swamp:1  | 28606 ||| INVOKING Heroism.
 28738 | Swamp:1  | 28738 ||| Stepping ~*~*~tactically~*~*~ (hiding).
 28741 | Swamp:1  | 28741 ||| INVOKING Heroism.
 28748 | Swamp:1  | 28748 ||| Stepping ~*~*~tactically~*~*~ (stealth).
 29057 | Swamp:1  | 29057 ||| DROPPING +4 ring of evasion.
 29067 | Swamp:2  | 29067 ||| INVOKING Heroism.
 29068 | Swamp:2  | You fall into a shaft and drop 1 floor!
 29101 | Swamp:3  | 29101 ||| INVOKING Heroism.
 29198 | Swamp:3  | 29198 ||| INVOKING Heroism.
 29200 | Swamp:3  | Received a gift from Okawaru
 29248 | Swamp:3  | 29248 ||| Stepping ~*~*~tactically~*~*~ (hiding).
 29289 | Swamp:3  | 29289 ||| INVOKING Heroism.
 29391 | Swamp:3  | Identified the ring of the Fortifying Gods {rN+ Will++
                  | Str+3 Dex+6 Slay-2}
 29416 | Swamp:3  | 29416 ||| UPGRADING to ring of the Fortifying Gods {rN+
                  | Will++ Str+3 Dex+6 Slay-2}.
 29428 | Swamp:2  | 29428 ||| Stepping ~*~*~tactically~*~*~ (hiding).
 29430 | Swamp:2  | 29430 ||| INVOKING Heroism.
 29461 | Swamp:2  | Identified the +1 leather armour of the Battered Demons
                  | {rElec rC+ Str+4}
 29490 | Swamp:2  | 29490 ||| Stepping ~*~*~tactically~*~*~ (stealth).
 29496 | Swamp:2  | Reached skill level 12 in Shields
 29503 | Swamp:2  | 29503 ||| INVOKING Heroism.
 29689 | Swamp:2  | 29689 ||| INVOKING Heroism.
 29703 | Swamp:2  | Paralysed by a hornet for 1 turns
 29864 | Swamp:2  | 29864 ||| INVOKING Heroism.
 29865 | Swamp:2  | 29865 ||| Stepping ~*~*~tactically~*~*~ (hiding).
 29866 | Swamp:2  | 29866 ||| Stepping ~*~*~tactically~*~*~ (hiding).
 29876 | Swamp:2  | Received a gift from Okawaru
 29903 | Swamp:2  | Noticed Mlioglotl
 29904 | Swamp:2  | 29904 ||| INVOKING Heroism.
 29913 | Swamp:2  | Killed Mlioglotl
 30118 | Swamp:3  | 30118 ||| Stepping ~*~*~tactically~*~*~ (stealth).
 30133 | Swamp:3  | 30133 ||| Stepping ~*~*~tactically~*~*~ (stealth).
 30149 | Swamp:3  | 30149 ||| READING scroll of enchant armour.
 30149 | Swamp:3  | 30149 ||| ENCHANTING +2 gold dragon scales.
 30178 | Swamp:3  | 30178 ||| FLEEEEING.
 30179 | Swamp:3  | 30179 ||| FLEEEEING.
 30342 | Swamp:3  | 30342 ||| INVOKING Heroism.
 30455 | Swamp:3  | 30455 ||| READING scroll of enchant armour.
 30455 | Swamp:3  | 30455 ||| ENCHANTING +3 gold dragon scales.
 30457 | Swamp:3  | 30457 ||| PLANNING SPIDER:4
 30457 | Swamp:3  | 30457 ||| DROPPING +6 ring of intelligence.
 30699 | Spider:4 | Entered Level 4 of the Spider Nest
 30717 | Spider:4 | 30717 ||| Stepping ~*~*~tactically~*~*~ (stealth).
 30718 | Spider:4 | 30718 ||| INVOKING Heroism.
 30723 | Spider:4 | 30723 ||| Stepping ~*~*~tactically~*~*~ (stealth).
 30727 | Spider:4 | 30727 ||| Stepping ~*~*~tactically~*~*~ (outnumbered).
 30728 | Spider:4 | 30728 ||| Stepping ~*~*~tactically~*~*~ (outnumbered).
 30734 | Spider:4 | 30734 ||| Stepping ~*~*~tactically~*~*~ (outnumbered).
 30746 | Spider:4 | 30746 ||| INVOKING Heroism.
 30856 | Spider:4 | 30856 ||| INVOKING Heroism.
 30857 | Spider:4 | Received a gift from Okawaru
 30890 | Spider:4 | 30890 ||| DRINKING 2 potions of resistance.
 30903 | Spider:4 | 30903 ||| Stepping ~*~*~tactically~*~*~ (stealth).
 31015 | Spider:4 | 31015 ||| INVOKING Heroism.
 31024 | Spider:4 | Reached XP level 17. HP: 126/162 MP: 21/23
 31073 | Spider:4 | 31073 ||| Stepping ~*~*~tactically~*~*~ (hiding).
 31143 | Spider:4 | Reached skill level 9 in Throwing
 31236 | Spider:4 | 31236 ||| Stepping ~*~*~tactically~*~*~ (stealth).
 31242 | Spider:4 | 31242 ||| Stepping ~*~*~tactically~*~*~ (stealth).
 31245 | Spider:4 | 31245 ||| Stepping ~*~*~tactically~*~*~ (hiding).
 31251 | Spider:4 | 31251 ||| Stepping ~*~*~tactically~*~*~ (stealth).
 31304 | Spider:4 | 31304 ||| INVOKING Heroism.
 31340 | Spider:4 | Received a gift from Okawaru
 31383 | Spider:4 | 31383 ||| INVOKING Heroism.
 31392 | Spider:4 | 31392 ||| Stepping ~*~*~tactically~*~*~ (outnumbered).
 31393 | Spider:4 | 31393 ||| Stepping ~*~*~tactically~*~*~ (outnumbered).
 31405 | Spider:4 | Reached skill level 9 in Armour
 31563 | Spider:4 | 31563 ||| INVOKING Finesse.
 31713 | Spider:4 | Got a gossamer rune of Zot
 31748 | Spider:4 | 31748 ||| INVOKING Heroism.
 31756 | Spider:4 | Identified the +0 robe "Jiedghu" {rN+ Str+4} (Okawaru
                  | gifted it to you on level 4 of the Spider Nest)
 31756 | Spider:4 | Received a gift from Okawaru
 31875 | Spider:4 | 31875 ||| INVOKING Heroism.
 32087 | Spider:4 | 32087 ||| PLANNING VAULTS:1-4
 32087 | Spider:4 | 32087 ||| DROPPING scarf of harm.
 32088 | Spider:4 | 32088 ||| READING scroll labelled MER MOGAYCIBE.
 32454 | Vaults:1 | Entered Level 1 of the Vaults
 32475 | Vaults:1 | 32475 ||| Stepping ~*~*~tactically~*~*~ (stealth).
 32491 | Vaults:1 | 32491 ||| Stepping ~*~*~tactically~*~*~ (hiding).
 32492 | Vaults:1 | 32492 ||| INVOKING Heroism.
 32493 | Vaults:1 | 32493 ||| Stepping ~*~*~tactically~*~*~ (outnumbered).
 32494 | Vaults:1 | 32494 ||| Stepping ~*~*~tactically~*~*~ (outnumbered).
 32495 | Vaults:1 | 32495 ||| Stepping ~*~*~tactically~*~*~ (outnumbered).
 32496 | Vaults:1 | 32496 ||| Stepping ~*~*~tactically~*~*~ (hiding).
 32502 | Vaults:1 | 32502 ||| Stepping ~*~*~tactically~*~*~ (outnumbered).
 32661 | Vaults:1 | 32661 ||| Stepping ~*~*~tactically~*~*~ (stealth).
 32663 | Vaults:1 | 32663 ||| INVOKING Heroism.
 32668 | Vaults:1 | 32668 ||| Stepping ~*~*~tactically~*~*~ (outnumbered).
 32669 | Vaults:1 | 32669 ||| Stepping ~*~*~tactically~*~*~ (outnumbered).
 32672 | Vaults:1 | 32672 ||| Stepping ~*~*~tactically~*~*~ (outnumbered).
 32673 | Vaults:1 | 32673 ||| Stepping ~*~*~tactically~*~*~ (outnumbered).
 32674 | Vaults:1 | 32674 ||| Stepping ~*~*~tactically~*~*~ (outnumbered).
 32675 | Vaults:1 | 32675 ||| Stepping ~*~*~tactically~*~*~ (outnumbered).
 32677 | Vaults:1 | Reached skill level 21 in Unarmed Combat
 32761 | Vaults:1 | 32761 ||| Stepping ~*~*~tactically~*~*~ (outnumbered).
 32762 | Vaults:1 | 32762 ||| Stepping ~*~*~tactically~*~*~ (outnumbered).
 32763 | Vaults:1 | 32763 ||| INVOKING Heroism.
 32764 | Vaults:1 | 32764 ||| Stepping ~*~*~tactically~*~*~ (outnumbered).
 32765 | Vaults:1 | 32765 ||| Stepping ~*~*~tactically~*~*~ (outnumbered).
 32766 | Vaults:1 | 32766 ||| Stepping ~*~*~tactically~*~*~ (outnumbered).
 32767 | Vaults:1 | 32767 ||| Stepping ~*~*~tactically~*~*~ (outnumbered).
 32768 | Vaults:1 | 32768 ||| Stepping ~*~*~tactically~*~*~ (outnumbered).
 32832 | Vaults:1 | 32832 ||| Stepping ~*~*~tactically~*~*~ (stealth).
 32948 | Vaults:1 | 32948 ||| INVOKING Heroism.
 32959 | Vaults:1 | Received a gift from Okawaru
 32973 | Vaults:1 | 32973 ||| Stepping ~*~*~tactically~*~*~ (hiding).
 32974 | Vaults:1 | 32974 ||| Stepping ~*~*~tactically~*~*~ (hiding).
 33107 | Vaults:1 | 33107 ||| Stepping ~*~*~tactically~*~*~ (hiding).
 33113 | Vaults:1 | 33113 ||| DRINKING potion of resistance.
 33120 | Vaults:1 | 33120 ||| Stepping ~*~*~tactically~*~*~ (hiding).
 33185 | Vaults:1 | 33185 ||| Stepping ~*~*~tactically~*~*~ (stealth).
 33186 | Vaults:1 | 33186 ||| Stepping ~*~*~tactically~*~*~ (stealth).
 33347 | Vaults:1 | 33347 ||| INVOKING Heroism.
 33348 | Vaults:1 | 33348 ||| INVOKING Finesse.
 33355 | Vaults:1 | 33355 ||| Stepping ~*~*~tactically~*~*~ (outnumbered).
 33362 | Vaults:1 | 33362 ||| Stepping ~*~*~tactically~*~*~ (outnumbered).
 33368 | Vaults:1 | Identified the +1 robe "Taelio" {Rampage rElec MP-9 Slay+4}
                  | (Okawaru gifted it to you on level 1 of the Vaults)
 33368 | Vaults:1 | Received a gift from Okawaru
 33371 | Vaults:1 | 33371 ||| Stepping ~*~*~tactically~*~*~ (hiding).
 33379 | Vaults:1 | 33379 ||| Stepping ~*~*~tactically~*~*~ (outnumbered).
 33504 | Vaults:1 | 33504 ||| READING 4 scrolls of teleportation.
 33612 | Vaults:1 | 33612 ||| DROPPING ring of wizardry.
 33613 | Vaults:1 | 33613 ||| READING 3 scrolls of teleportation.
 33616 | Vaults:1 | 33616 ||| INVOKING Heroism.
 33695 | Vaults:1 | 33695 ||| INVOKING Heroism.
 33696 | Vaults:1 | 33696 ||| INVOKING Finesse.
 33703 | Vaults:1 | Reached XP level 18. HP: 174/174 MP: 16/24
 33750 | Vaults:1 | 33750 ||| Stepping ~*~*~tactically~*~*~ (hiding).
 33874 | Vaults:1 | Found a huge runed gate.
 33874 | Vaults:1 | Found a huge runed gate.
 33874 | Vaults:1 | Found a huge runed gate.
 33876 | Vaults:1 | Found a huge runed gate.
 33876 | Vaults:1 | Found a huge runed gate.
 33877 | Vaults:1 | Found a huge runed gate.
 33877 | Vaults:1 | Found a huge runed gate.
 33878 | Vaults:1 | Found a huge runed gate.
 33878 | Vaults:1 | Found a huge runed gate.
 33878 | Vaults:1 | Found a huge runed gate.
 33882 | Vaults:1 | Found a huge runed gate.
 33882 | Vaults:1 | Found a huge runed gate.
 33882 | Vaults:1 | Found a huge runed gate.
 33882 | Vaults:1 | Found a huge runed gate.
 33882 | Vaults:1 | Found a huge runed gate.
 33882 | Vaults:1 | Found a huge runed gate.
 33883 | Vaults:1 | Found a huge runed gate.
 33884 | Vaults:1 | Found a huge runed gate.
 33886 | Vaults:1 | Found a huge runed gate.
 33905 | Vaults:1 | Found a huge runed gate.
 33905 | Vaults:1 | Found a huge runed gate.
 33905 | Vaults:1 | Found a huge runed gate.
 33905 | Vaults:1 | Found a huge runed gate.
 33905 | Vaults:1 | Found a huge runed gate.
 33905 | Vaults:1 | Found a huge runed gate.
 33906 | Vaults:1 | Found a huge runed gate.
 33907 | Vaults:1 | Found a huge runed gate.
 33908 | Vaults:1 | Found a huge runed gate.
 33916 | Vaults:1 | 33916 ||| Stepping ~*~*~tactically~*~*~ (hiding).
 33916 | Vaults:1 | Found a huge runed gate.
 33916 | Vaults:1 | Found a huge runed gate.
 33916 | Vaults:1 | Found a huge runed gate.
 33916 | Vaults:1 | Found a huge runed gate.
 33916 | Vaults:1 | Found a huge runed gate.
 33918 | Vaults:1 | 33918 ||| Stepping ~*~*~tactically~*~*~ (hiding).
 33918 | Vaults:1 | Found a huge runed gate.
 33921 | Vaults:1 | Found a huge runed gate.
 33926 | Vaults:1 | Found a huge runed gate.
 33933 | Vaults:1 | 33933 ||| Stepping ~*~*~tactically~*~*~ (hiding).
 33934 | Vaults:1 | 33934 ||| Stepping ~*~*~tactically~*~*~ (hiding).
 33978 | Vaults:1 | 33978 ||| READING 2 scrolls of teleportation.
 34113 | Vaults:1 | 34113 ||| Stepping ~*~*~tactically~*~*~ (hiding).
 34189 | Vaults:1 | 34189 ||| READING scroll of teleportation.
 34280 | Vaults:1 | 34280 ||| Stepping randomly (stuck).
 34288 | Vaults:1 | Found the +3 salamander hide armour {Flames rF++ rC--}
 34288 | Vaults:1 | Noticed a hellephant
 34288 | Vaults:1 | Noticed a hellephant
 34289 | Vaults:1 | 34289 ||| INVOKING Heroism.
 34291 | Vaults:1 | 34291 ||| Stepping ~*~*~tactically~*~*~ (outnumbered).
 34292 | Vaults:1 | 34292 ||| Stepping ~*~*~tactically~*~*~ (outnumbered).
 34297 | Vaults:1 | HP: 29/174 [hellephant (17)]
 34298 | Vaults:1 | 34298 ||| DRINKING 8 potions of heal wounds.
 34302 | Vaults:1 | 34302 ||| DRINKING 7 potions of heal wounds.
 34302 | Vaults:1 | HP: 39/174 [hell knight/+4 broad axe of distortion (2)]
 34303 | Vaults:1 | 34303 ||| DRINKING 6 potions of heal wounds.
 34304 | Vaults:1 | 34304 ||| DRINKING 5 potions of heal wounds.
 34304 | Vaults:1 | HP: 19/168 [hell knight/+3 demon whip of draining (18)]
 34304 | Vaults:1 | Mangled by a hell knight

Levels and vault maps discovered:
D:1:      dpeg_arrival_court, layout_loops_cross,
          ebering_ecumenical_altar_abandoned, minmay_misc_feat_hallway
D:2:      layout_basic, minmay_fractal_squares_5
D:3:      layout_rooms, uniq_sigmund
D:4:      minmay_goblin_kobold_castle, layout_basic,
          gammafunk_temple_overflow_elements, old_standard_altar,
          minmay_misc_feat_nine_boxes, uniq_duvessa, uniq_blork_the_orc,
          uniq_grinder
D:5:      layout_rooms, old_standard_altar, serial_shops,
          nicolae_shop_bloodbath_and_beyond
D:6:      layout_cave_pods, grunt_temple_overflow_bloody_war, temple_green,
          chequers_serial_rivers_room_a
D:7:      layout_basic, mainiacjoe_overflow_boulevard
D:8:      layout_basic, mainiacjoe_overflow_brackets,
          hellmonk_ghost_happy_afterlife, serial_corexii_hall,
          chequers_hall_statues_y, corexii_hall_statues_i,
          chequers_hall_statues_wall_a, corexii_hall_statues_x,
          dreamdust_princess_bridge, amcnicky_mini_corridor_feature
D:9:      layout_irregular_city, fedhas_altar_4, kiku_gazebo_garden_becter,
          gammafunk_ghost_necromancy
D:10:     layout_roguey, nicolae_tso_swordbearing_angel, david_lair_generic,
          grunt_ministairs_12
D:11:     minmay_twisted_water, layout_loops_ring, orc_0_dummy,
          hangedman_decor_points, nicolae_wu_jian_wuxing_cycle, uniq_harold,
          uniq_nergalle, uniq_fannar
D:12:     layout_cave_pools, minmay_misc_feat_roman, blue_anna_alchemist
D:13:     layout_loops_corners, nicolae_antique_artefacts,
          hangedman_decor_growths, uniq_jorgrun, uniq_snorg
D:14:     layout_gridville, grunt_vaults_entry_fortified,
          hangedman_decor_lopped, minmay_crystal_box
D:15:     grunt_enter_depths_hoard, layout_irregular_city, uniq_roxanne
Lair:1:   layout_gridlike, gammafunk_ghost_icy, lemuel_fruit_fields
Lair:2:   wad_woods_tower, layout_loops_ring, swamp_mist,
          nicolae_spider_entry_tight_spaces, lemuel_fruit_fields
Lair:3:   layout_small_grid
Lair:4:   layout_regular_city, grunt_megastairs_1
Lair:5:   minmay_lair_end_enchanted_forest, layout_regular_city,
          nicolae_slime_entry_slimehenge
Swamp:1:  layout_basic_swamp, evilmike_swamp_ruin_house_6, ldierk_geyser
Swamp:2:  layout_falls_marsh, evilmike_swamp_ruin_house_1, swamp_pool3,
          nicolae_swamp_little_swirl, uniq_mlioglotl
Swamp:3:  nicolae_swamp_wrong_neighborhood, layout_basic_swamp,
          evilmike_swamp_ruin_house_2, infiniplex_staircase_pool
Spider:1: layout_spider_delve, uniq_josephine
Spider:2: layout_chambers, nicolae_spider_webbed_stairs, uniq_donald
Spider:3: layout_chambers, uniq_mara
Spider:4: grunt_spider_rune_circles, drop_trap, nicolae_spider_scorpion_nest
Orc:1:    nicolae_orc_accident_1, layout_caves, ebering_ghost_inner_flame,
          basic_altar, david_defended_altar_orc
Orc:2:    grunt_orc_community_town_hall, layout_diamond_mine,
          grunt_orc_community_big_house_2, grunt_orc_community_big_house_1,
          grunt_orc_community_house_3, grunt_orc_community_house_3,
          grunt_orc_community_house_3, grunt_orc_community_house_2,
          grunt_orc_community_house_3, grunt_orc_community_house_3,
          serial_shops, shop, nicolae_shop_crystal
Vaults:1: vaults_room_octagon, v_misc_26, serial_ice_g,
          hangedman_vaults_slither, nicolae_vaults_network_periphery,
          ontoclasm_vaults_ring_square, v_misc_16, not_door_vault_due,
          vaults_mumra_hex, nicolae_vaults_bisected_exclaves,
          nicolae_vaults_mini_display_case, vaults_dpeg_cross,
          vaults_room_fancy_cross, nicolae_vaults_diagonal_hallway_8,
          layout_vaults_ring

Skill      XL: |  1  2  3  4  5  6  7  8  9 10 11 12 13 14 15 16 17 |
---------------+----------------------------------------------------+-----
Unarmed Combat | 4 5 6 7 8 9 11 12 14 16 18 19 20 21 | 21.5
Fighting       | 3 4 5 7 8 9 10 | 10.0
Dodging        | 1 2 3 4 |  4.0
Throwing       | 2 3 7 8 9 |  9.0
Armour         | 5 6 7 8 9 |  9.0
Invocations    | 1 4 8 10 | 10.0
Shields        | 7 12 13 | 13.6
Spellcasting   | |  1.0
Fire Magic     | |  2.1

Action                   |  1- 3 |  4- 6 |  7- 9 | 10-12 | 13-15 | 16-18 || total
-------------------------+-------+-------+-------+-------+-------+-------++-------
Melee: Unarmed           |   100 |    65 |   352 |   446 |  1138 |   771 ||  2872
       Punch             |     1 |       |    11 |    38 |   105 |       ||   155
Throw: Boomerang         |       |       |    64 |   112 |    90 |       ||   266
       Large rock        |       |       |       |       |    98 |   123 ||   221
       Javelin           |       |       |       |       |     2 |     7 ||     9
Invok: Fiery Armour      |       |     1 |     3 |     9 |       |       ||    13
       Heroism           |       |       |       |     2 |    62 |    36 ||   100
       Finesse           |       |       |       |       |     9 |     5 ||    14
  Use: Scroll            |     2 |     3 |     9 |     4 |     9 |     8 ||    35
       Potion            |     1 |     1 |     3 |     5 |     6 |     7 ||    23
 Stab: Petrified         |       |       |       |     2 |       |       ||     2
       Distracted        |       |       |       |       |       |     1 ||     1
Armor: Robe              |    33 |    18 |    89 |       |       |       ||   140
       Gold dragon scale |       |       |       |   270 |   452 |   318 ||  1040
Dodge: Dodged            |    39 |    12 |   195 |    67 |   262 |   141 ||   716
Block: Other             |       |       |       |    40 |   159 |       ||   199
       Reflection        |       |       |       |       |    19 |    17 ||    36
       Kite shield       |       |       |       |       |    84 |   489 ||   573

Table legend:
 A = Non-vault XP
 B = Vault XP
 C = Vault XP percentage of total XP
 D = Non-vault monster count
 E = Vault monster count
 F = Vault count percentage of total count
                 A         B        C        D         E       F
            +---------+---------+-------+---------+---------+-------
      Total |  199869 |   99391 |  33.2 |     699 |     349 |  33.3
            +---------+---------+-------+---------+---------+-------
        D:1 |      31 |       0 |   0.0 |      18 |       0 |   0.0
        D:2 |      53 |      11 |  17.2 |      14 |       8 |  36.4
        D:3 |      40 |     226 |  85.0 |      16 |       1 |   5.9
        D:4 |     553 |     828 |  60.0 |      16 |      66 |  80.5
        D:5 |     596 |       0 |   0.0 |      21 |       0 |   0.0
        D:6 |     674 |       3 |   0.4 |      21 |       1 |   4.5
        D:7 |    1634 |       0 |   0.0 |      32 |       0 |   0.0
        D:8 |     901 |       0 |   0.0 |      19 |       0 |   0.0
        D:9 |    2195 |       0 |   0.0 |      27 |       0 |   0.0
       D:10 |    2803 |    2124 |  43.1 |      25 |      11 |  30.6
       D:11 |    3485 |    2440 |  41.2 |      12 |       8 |  40.0
       D:12 |   10487 |     100 |   0.9 |      23 |       1 |   4.2
       D:13 |    4803 |    2778 |  36.6 |      14 |       2 |  12.5
       D:14 |    6370 |    5783 |  47.6 |      13 |       9 |  40.9
       D:15 |    9778 |    3125 |  24.2 |      23 |       3 |  11.5
     Lair:1 |    9806 |     210 |   2.1 |      35 |       1 |   2.8
     Lair:2 |    4276 |    2986 |  41.1 |      17 |      14 |  45.2
     Lair:3 |    7234 |       0 |   0.0 |      28 |       0 |   0.0
     Lair:4 |    9615 |    2755 |  22.3 |      22 |       8 |  26.7
     Lair:5 |    9326 |    9172 |  49.6 |      31 |      50 |  61.7
    Swamp:1 |   10475 |       0 |   0.0 |      21 |       0 |   0.0
    Swamp:2 |   10300 |    1882 |  15.4 |      19 |       1 |   5.0
    Swamp:3 |    9602 |    3996 |  29.4 |      18 |       4 |  18.2
   Spider:1 |   10994 |    1769 |  13.9 |      23 |       5 |  17.9
   Spider:2 |   11761 |    1407 |  10.7 |      36 |       1 |   2.7
   Spider:3 |   11567 |    4557 |  28.3 |      27 |       1 |   3.6
   Spider:4 |    9543 |   25727 |  72.9 |      23 |      42 |  64.6
      Orc:1 |    4974 |    1125 |  18.4 |      43 |       7 |  14.0
      Orc:2 |     914 |    5385 |  85.5 |      17 |      72 |  80.9
   Vaults:1 |   35079 |   21002 |  37.4 |      45 |      33 |  42.3
            +---------+---------+-------+---------+---------+-------
